 Dungeon Crawl Stone Soup version 0.30.0-20-g3615ddf2f0 (webtiles) character file.

Game seed: 5909307996055657020

349470 qw the Slayer (level 22, -5/156 HPs)
             Began as a Gargoyle Fighter on June 2, 2023.
             Was a High Priest of Okawaru.
             Slain by Saint Roka
             ... wielding a +0 great sword
              (27 damage)
             ... on level 5 of the Vaults.
             The game lasted 00:30:43 (41154 turns).

qw the Slayer (Gargoyle Fighter)                   Turns: 41154, Time: 00:30:43

Health: -5/156     AC: 61    Str: 30    XL:     22   Next: 52%
Magic:  25/29      EV: 15    Int:  5    God:    Okawaru [*****.]
Gold:   1030       SH:  8    Dex: 11    Spells: 21/21 levels left

rFire   . . .        H - +2 war axe of the Vulture {vamp, rPois rC- Dex-5 SInv}
rCold   + + .        I - +0 buckler of Covud {+Inv rN+ Int-5 Dex+4}
rNeg    + + .        c - +8 plate armour "Lebeush" {Dex+3}
rPois   inf          A - +2 helmet
rElec   +            g - +2 cloak
rCorr   .            k - +2 pair of gloves
SInv    +            t - +0 pair of boots "Cyc Sam" {Contam rC+++ Slay+3}
Will    +....        D - amulet of faith Stlth
                     C - +5 ring of evasion
HPRegen 0.46/turn    v - +4 ring of protection
MPRegen 0.21/turn

%: faith
@: heroic, finesse-ful, marked, corroded, flying, constricted
A: sickness immunity, AC +16, big wings, negative energy resistance 1,
electricity resistance, torment resistance 1, petrification resistance
}: 1/15 runes: barnacled
a: Renounce Religion, Evoke Invisibility, Heroism, Finesse, Duel


You were on level 5 of the Vaults.
You worshipped Okawaru.
Okawaru was extremely pleased with you.
You visited 6 branches of the dungeon, and saw 34 of its levels.
You visited the Abyss 2 times.
You also visited: Gauntlet.

You collected 3484 gold pieces.
You spent 2454 gold pieces at shops.


Innate Abilities, Weirdness & Mutations

You are immune to sickness and miasma.
Your stone body is resilient. (AC +16)
You are immune to poison.
Your large and strong wings let you fly.
You resist negative energy. (rN+)
You are resistant to electric shocks. (rElec)
You are resistant to unholy torment.
You are immune to petrification.


   Skills:
 + Level 22.2(27) Fighting
 - Level 16.1(21.1) Axes
 - Level 13.0(18.0) Throwing
 - Level 22.0(27) Armour
 - Level 8.0(13.0) Dodging
 - Level 13.0(18.0) Shields
 - Level 10.0 Invocations


You had 21 spell levels left.
You didn't know any spells.
Your spell library was empty.

Inventory:

Hand Weapons
 o - the +6 war axe of the Mauling Gods {protect, Str+3}
   (Okawaru gifted it to you on level 2 of the Vaults)

   Str:       It affects your strength (+3).
 H - the +2 war axe of the Vulture (weapon) {vamp, rPois rC- Dex-5 SInv}
   (You found it on level 3 of the Shoals)

   Dex:       It affects your dexterity (-5).
   rC:        It makes you vulnerable to cold.
   rPois:     It protects you from poison.
   SInv:      It lets you see invisible.
Missiles
 l - 42 boomerangs
 q - 4 silver javelins (quivered)
 y - 9 javelins
 G - 4 silver boomerangs
Armour
 c - the +8 plate armour "Lebeush" (worn) {Dex+3}
   (Okawaru gifted it to you on level 3 of the Snake Pit)

   Dex:       It affects your dexterity (+3).
 g - a +2 cloak (worn)
 k - a +2 pair of gloves (worn)
 t - the +0 pair of boots "Cyc Sam" (worn) {Contam rC+++ Slay+3}
   (Okawaru gifted it to you on level 3 of the Lair of Beasts)

   Slay:      It affects your accuracy & damage with ranged weapons and melee
   (+3).
   rC:        It renders you almost immune to cold.
   Contam:    It causes magical contamination when unequipped.
 A - a +2 helmet (worn)
 I - the +0 buckler of Covud (worn) {+Inv rN+ Int-5 Dex+4}
   (You found it on level 3 of the Shoals)

   Int:       It affects your intelligence (-5).
   Dex:       It affects your dexterity (+4).
   rN:        It protects you from negative energy.
   +Inv:      It lets you turn invisible.
 K - a +2 buckler of poison resistance
Jewellery
 m - the ring of the Shining Light {Ice rPois rN+ Int-4 Dex+3}
   (You found it on level 4 of the Shoals)

   [ring of ice]

   It enhances your ice magic.
   Int:       It affects your intelligence (-4).
   Dex:       It affects your dexterity (+3).
   rF:        It makes you vulnerable to fire.
   rC:        It protects you from cold.
   rPois:     It protects you from poison.
   rN:        It protects you from negative energy.
 r - an amulet of reflection
 s - the amulet "Imafepra" {Acrobat rF+ Will+ Dex-4}
   (You acquired it on level 8 of the Dungeon)

   [amulet of the acrobat]

   It increases your evasion while moving and waiting.
   Dex:       It affects your dexterity (-4).
   rF:        It protects you from fire.
   Will:      It increases your willpower.
 v - a +4 ring of protection (right hand)
 B - a ring of protection from fire
 C - a +5 ring of evasion (left hand)
 D - an amulet of faith (around neck)
 F - a ring of fire
 L - a ring of protection from cold
Wands
 u - a wand of digging (22)
Scrolls
 f - 2 scrolls of identify
 p - 6 scrolls of teleportation
 z - 2 scrolls of enchant armour
 E - a scroll of enchant weapon
 J - a scroll of brand weapon
Potions
 a - 5 potions of attraction
 b - 3 potions of resistance
 d - 12 potions of might
 e - 12 potions of curing
 h - 5 potions of haste
 i - 9 potions of mutation
 j - 6 potions of lignification
 n - 6 potions of magic
 x - a potion of cancellation

Dungeon Overview and Level Annotations

Branches:
Dungeon (15/15)            Temple (0/1) D:6            Lair (5/5) D:9
 Shoals (4/4) Lair:2        Snake (3/4) Lair:2        Slime (0/5) Lair:4
    Orc (2/2) D:10            Elf (0/3) Orc:2        Vaults (5/5) D:14
  Crypt (0/3) Vaults:3     Depths (0/4) D:15        Gauntlet (visited)

Altars:
Ashenzari
Cheibriados
Elyvilon
Fedhas
Gozag
Hepliaklqana
Kikubaaqudgha
Okawaru
Qazlal
Ru
Trog
Uskayaw
Vehumet
Wu Jian
Xom
Yredelemnul
Zin
The Shining One
Jiyva
Lugonu

Shops:
D:3 *   D:9 =   D:10 (   D:14 (   Orc:2 =*:[?   Shoals:2 [   Vaults:1 (
Vaults:2 ![

Portals:
Abyss: Lair:5

Annotations:
Snake:1 3 runed translucent doors, qw's ghost, adept GrFi
Vaults:3 2 transporters
Vaults:5 Mara; Saint Roka


Message History

The bolt of negative energy hits the ancient lich.
The ancient lich completely resists.
The bolt of negative energy misses you.
You barely miss the tentacled monstrosity.
The tentacled monstrosity is almost dead.
You hit the ancient lich but do no damage.
You slash Saint Roka! The tengu reaver blocks your attack.
The tentacled monstrosity tentacle-slaps you but does no damage. x3
The tentacled monstrosity constricts you.
Saint Roka hits you but does no damage.
Mara blinks!
You barely miss the tentacled monstrosity.
The tentacled monstrosity is almost dead.
The tengu reaver blocks your attack.
You hit the ancient lich but do no damage.
You hit Saint Roka but do no damage. The ancient lich casts a spell at you.
The crystal spear hits you!!
A tengu reaver comes into view.
It is wielding a +2 war axe of electrocution and wearing a +1 buckler of reflection.
You slash the tentacled monstrosity!
The tentacled monstrosity is almost dead.
You hit Saint Roka.
You feel better.
You hit the tengu reaver but do no damage.
You completely miss the ancient lich.
The tengu reaver points at you and mumbles some strange words.
The bolt of poison misses the ancient lich.
The bolt of poison hits you but does no damage.
You resist.
The tengu reaver hits you with a +0 war axe!
The tengu reaver barely misses you.
The tengu reaver claws you but does no damage.
You barely miss the tentacled monstrosity.
The tentacled monstrosity is almost dead.
You closely miss the tengu reaver. You hit the ancient lich.
You slash Saint Roka!
You feel better.
The ancient lich points at you and mumbles some strange words.
The crystal spear hits you!!!
The tentacled monstrosity closely misses you.
The tentacled monstrosity tentacle-slaps you but does no damage. x2
The tentacled monstrosity constricts you.
Saint Roka hits you with a +0 great sword!!
You die...

#.....## #..
#.....Q## #[..
#.......## ....
#........##
#.......[.##
#........:(#
#.....).)[##
#...DQ..[##
#...XL@.##
#...QoX##
#..pCC##
.#....#..op# #
.#....#.Rp#
#..#....#pu#
...#....#.C##
........p...
####........#####


You could see Saint Roka, Mara, 2 tentacled monstrosities, an ancient lich
(fast, invisible), a storm dragon, a frost giant, a white very ugly thing, a
stone giant, a vault warden, 3 tengu reavers, an ettin, a hell knight, 3 vault
sentinels and an orc warrior (strong).

Vanquished Creatures
  Sojobo (Vaults:5)
  A golden dragon (Vaults:5)
  Margery (Vaults:5)
  2 tentacled monstrosities (Vaults:5)
  A lich (Abyss:2)
  2 titans (Vaults:5)
  Frances (D:12)
  Polyphemus (Shoals:2)
  A sphinx (Vaults:5)
  5 tengu reavers
  Gastronok (Lair:2)
  4 shadow dragons
  2 tentacled starspawn (Abyss:2)
  A kraken (Shoals:4)
  2 storm dragons (Vaults:5)
  A nagaraja (Snake:2)
  3 frost giants
  4 fire giants
  15 vault wardens
  A cacodemon (Abyss:2)
  16 ironbound preservers
  9 stone giants
  3 orc warlords
  A war gargoyle (Vaults:5)
  A stone giant (shapeshifter) (Vaults:5)
  An ophan (Abyss:2)
  3 deep elf demonologists
  10 very ugly things
  9 ironbound thunderhulks
  14 dire elephants
  A minotaur (Gauntlet)
  2 deep elf death magi (Vaults:5)
  A green death (Abyss:2)
  3 ettins
  3 crystal guardians (Vaults:3)
  8 merfolk impalers
  2 entropy weavers
  10 yaktaur captains
  Harold (Lair:1)
  5 merfolk javelineers
  2 rakshasas (Abyss:2)
  33 vault guards
  13 great orbs of eyes
  3 deep elf high priests (Vaults:5)
  14 ironbound frosthearts
  3 peacekeepers
  3 boulder beetles
  A death knight (D:15)
  4 hydras
  3 alligator snapping turtles (Shoals:4)
  Erica (Lair:1)
  2 catoblepae
  16 centaur warriors
  5 merfolk aquamancers
  A satyr (shapeshifter) (Vaults:5)
  2 tengu warriors
  2 dancing weapons (D:14)
  A merfolk avatar (Shoals:3)
  3 death yaks (Shoals:2)
  7 anacondas
  A vampire mage (Abyss:2)
  15 two-headed ogres
  3 ogre magi
  4 satyrs
  5 naga warriors
  6 naga sharpshooters
  A deep troll earth mage (Vaults:5)
  3 thrashing horrors (Lair:5)
  3 hell knights (Vaults:5)
  Nergalle (Lair:1)
  2 shock serpents
  2 wretched stars (Abyss:2)
  5 skeletal warriors
  A shadow wraith (Abyss:2)
  A spatial maelstrom (Abyss:2)
  34 deep trolls
  8 sea snakes
  A skyshark (Lair:4)
  A glowing orange brain (Abyss:2)
  3 flayed ghosts
  An obsidian statue (Gauntlet)
  3 naga ritualists
  10 lindwurms
  Pikel (D:5)
  2 phantasmal warriors (Vaults:5)
  15 ironbound convokers
  13 wizards
  2 deep elf pyromancers (D:14)
  18 harpies
  2 necromancers
  11 orc knights
  4 mana vipers
  4 tengu skeletons (Vaults:3)
  A worldbinder (Abyss:2)
  An orc sorcerer (Orc:1)
  A wolf spider (D:15)
  15 fauns
  An oklob plant (Lair:1)
  13 manticores
  40 ugly things
  5 salamanders
  8 cyclopes
  A sphinx skeleton (Vaults:3)
  4 merfolk sirens
  14 elephants
  8 large abominations
  An ice statue (Gauntlet)
  A frost giant skeleton (Vaults:3)
  2 guardian serpents (Snake:3)
  2 orange demons (Abyss:2)
  10 naga magi
  4 water nymphs
  25 black mambas
  11 cane toads
  An apocalypse crab (Abyss:2)
  A torpor snail (Lair:3)
  17 vault sentinels
  2 unseen horrors
  A rust devil (Abyss:2)
  2 gargoyles (D:10)
  2 rime drakes
  A smoke demon (Lair:5)
  An efreet (Abyss:2)
  9 komodo dragons
  An ice devil (Abyss:2)
  A dire elephant skeleton (Abyss:2)
  2 kobold demonologists
  A freezing wraith (Vaults:4)
  22 yaktaurs
  9 ancient zymes
  A komodo dragon (shapeshifter) (D:14)
  18 merfolk
  15 trolls
  A polar bear (Lair:4)
  A hellwing (Vaults:4)
  A hornet (D:8)
  10 snapping turtles
  25 blink frogs
  A blink frog (shapeshifter) (Lair:5)
  4 wind drakes
  8 raiju (Abyss:2)
  16 dream sheep
  59 slime creatures
  A spriggan (Lair:5)
  A centaur simulacrum (D:14)
  9 water elementals
  A vampire (D:12)
  Eustachio (D:5)
  8 wraiths
  39 yaks
  An elf skeleton (Vaults:3)
  5 ynoxinuls
  2 golden eyes (Abyss:2)
  2 steam dragons
  10 vampire mosquitoes
  10 basilisks
  Menkaure (D:5)
  A chaos spawn (Lair:5)
  A redback (Vaults:1)
  2 neqoxecs (Abyss:2)
  4 wargs
  Edmund (D:5)
  2 spatial vortices (Abyss:2)
  27 nagas
  An acid dragon (shapeshifter) (Lair:5)
  2 acid dragons (D:13)
  27 orc warriors
  15 small abominations
  12 water moccasins
  A glowing shapeshifter skeleton (Vaults:3)
  5 black bears
  A sky beast (shapeshifter) (Vaults:5)
  An ice beast (D:5)
  A sky beast (D:6)
  17 wolves
  24 ogres
  11 boggarts
  9 centaurs
  A phantom (D:6)
  5 kobold brigands
  16 bullfrogs
  An earth elemental (Abyss:2)
  8 human skeletons (Vaults:3)
  2 gnoll sergeants
  4 scorpions
  9 wights (D:9)
  6 killer bees
  10 howler monkeys
  10 electric eels
  A quasit (Abyss:2)
  5 jellies
  14 orc priests
  5 starcursed masses (Abyss:2)
  5 hounds
  2 sleepcaps
  A gnoll bouda (D:10)
  An iron imp (Abyss:2)
  4 iguanas
  15 orc wizards
  19 gnolls
  8 adders
  3 white imps (Abyss:2)
  6 ufetubi
  3 worms (D:2)
  2 dart slugs
  65 orcs
  5 bats
  6 endoplasms
  3 giant cockroaches
  6 goblins
  5 hobgoblins
  3 jackals (D:1)
  6 quokkas
  9 ball pythons
  6 frilled lizards
  27 kobolds
  5 rats
  A lurking horror (Abyss:2)
  3 starspawn tentacles (Abyss:2)
  3 tentacles (Shoals:4)
1434 creatures vanquished.

Vanquished Creatures (others)
  Erolcha (Orc:2)
  A cyclops (Orc:2)
  A merfolk (Shoals:2)
  2 water elementals (Shoals:2)
  2 small abominations (Abyss:2)
  A boggart (Vaults:1)
  An orc wizard (Orc:2)
  An orc (Vaults:5)
  A kobold (D:10)
  3 starspawn tentacles (Abyss:2)
  3 tentacles (Shoals:4)
17 creatures vanquished.

Grand Total: 1451 creatures vanquished

Notes
Turn   | Place    | Note
-------+----------+-------------------------------------------
     0 | D:1      | qw the Gargoyle Fighter began the quest for the Orb.
     0 | D:1      | Reached XP level 1. HP: 14/14 MP: 1/1
     0 | D:1      | 0 ||| qw: Version: 0.2-a-102-gdf20003
     0 | D:1      | 0 ||| qw: Game counter: 785
     0 | D:1      | 0 ||| qw: Always use a shield: true
     0 | D:1      | 0 ||| qw: God list: Okawaru
     0 | D:1      | 0 ||| qw: Allow faded altars: false
     0 | D:1      | 0 ||| qw: Do Orc after D:15 true
     0 | D:1      | 0 ||| qw: Do second Lair branch before Depths: true
     0 | D:1      | 0 ||| qw: Lair rune preference: random
     0 | D:1      | 0 ||| qw: Plans: Normal, Zot:1-4, Slime:5, God:TSO, Crypt,
                  | Tomb, Pan, Hells, Abyss, Win
     0 | D:1      | 0 ||| PLANNING D:1-11
   107 | D:1      | Reached XP level 2. HP: 18/19 MP: 2/2
   157 | D:1      | Found a faded altar of an unknown god.
   281 | D:1      | 281 ||| Stepping ~*~*~tactically~*~*~ (stealth).
   448 | D:1      | Reached skill level 3 in Axes
   457 | D:1      | 457 ||| Stepping ~*~*~tactically~*~*~ (hiding).
   458 | D:1      | 458 ||| Stepping ~*~*~tactically~*~*~ (hiding).
   568 | D:1      | Reached XP level 3. HP: 23/23 MP: 3/3
   999 | D:1      | 999 ||| READING scroll labelled RIMPIE FOBUR.
  1003 | D:1      | 1003 ||| READING scroll labelled TYAGOEKLAU HISUM.
  1004 | D:1      | 1004 ||| READING scroll labelled KOKLUD VECANO.
  1005 | D:1      | 1005 ||| READING scroll labelled ERERAF EM IXAH.
  1006 | D:1      | 1006 ||| READING scroll labelled VEMMOFUIB.
  1027 | D:2      | Found an iron altar of Okawaru.
  1028 | D:2      | 1028 ||| PLANNING OKAWARU WORSHIP
  1033 | D:2      | 1033 ||| READING scroll labelled ROOWYEDDO DIWK.
  1049 | D:2      | Became a worshipper of Warmaster Okawaru
  1049 | D:2      | 1049 ||| PLANNING D:1-11
  1240 | D:2      | Reached XP level 4. HP: 26/28 MP: 4/4
  1745 | D:2      | 1745 ||| READING scroll labelled UGAPRUEMES.
  2138 | D:3      | 2138 ||| Stepping ~*~*~tactically~*~*~ (hiding).
  2139 | D:3      | 2139 ||| Stepping ~*~*~tactically~*~*~ (hiding).
  2267 | D:3      | Found an iron altar of Okawaru.
  2273 | D:3      | Reached XP level 5. HP: 32/32 MP: 5/5
  2495 | D:3      | Found a sacrificial altar of Ru.
  2526 | D:3      | 2526 ||| Stepping ~*~*~tactically~*~*~ (hiding).
  2577 | D:3      | 2577 ||| DROPPING +0 club.
  2611 | D:3      | Found Udwoim's General Store.
  2618 | D:3      | 2618 ||| BUYING potion of mutation (96 gold).
  2618 | D:3      | Bought a potion of mutation for 96 gold pieces
  2618 | D:3      | 2618 ||| BUYING scroll of identify (24 gold).
  2618 | D:3      | Bought a scroll of identify for 24 gold pieces
  2629 | D:3      | 2629 ||| READING scroll labelled TORATW XIWK.
  2630 | D:3      | 2630 ||| DRINKING 2 fizzy orange potions.
  2631 | D:3      | 2631 ||| READING 2 scrolls of identify.
  2631 | D:3      | 2631 ||| IDENTIFYING bubbling silvery potion
  2632 | D:3      | 2632 ||| DROPPING potion of berserk rage.
  2721 | D:4      | Found an ancient bone altar of Kikubaaqudgha.
  2722 | D:4      | 2722 ||| Stepping ~*~*~tactically~*~*~ (stealth).
  2736 | D:4      | Reached * piety under Okawaru
  2737 | D:4      | Reached skill level 1 in Dodging
  2737 | D:4      | Reached XP level 6. HP: 17/38 MP: 6/6
  2826 | D:4      | 2826 ||| Stepping ~*~*~tactically~*~*~ (hiding).
  2899 | D:4      | 2899 ||| Stepping ~*~*~tactically~*~*~ (stealth).
  2906 | D:4      | 2906 ||| DROPPING +0 mace.
  3209 | D:4      | 3209 ||| READING scroll of brand weapon.
  3209 | D:4      | 3209 ||| BRANDING +0 war axe of chaos.
  3471 | D:4      | 3471 ||| UPGRADING to +0 storm dragon scales.
  3481 | D:4      | 3481 ||| DROPPING +0 scale mail.
  3482 | D:4      | 3482 ||| READING scroll labelled HIETSABRAXYI.
  3483 | D:4      | 3483 ||| DRINKING 2 orange potions.
  3484 | D:4      | 3484 ||| READING 3 scrolls of identify.
  3484 | D:4      | 3484 ||| IDENTIFYING green potion
  3485 | D:4      | 3485 ||| READING 2 scrolls of identify.
  3485 | D:4      | 3485 ||| IDENTIFYING fuming clear potion
  3517 | D:5      | Entered Level 5 of the Dungeon
  3517 | D:5      | Noticed Edmund
  3525 | D:5      | Killed Edmund
  3534 | D:5      | 3534 ||| DROPPING +0 flail.
  3542 | D:5      | Noticed Pikel
  3543 | D:5      | 3543 ||| INVOKING Heroism.
  3545 | D:5      | 3545 ||| Stepping ~*~*~tactically~*~*~ (stealth).
  3546 | D:5      | 3546 ||| Stepping ~*~*~tactically~*~*~ (stealth).
  3549 | D:5      | Killed Pikel
  3549 | D:5      | Reached ** piety under Okawaru
  3549 | D:5      | Reached *** piety under Okawaru
  3550 | D:5      | Reached skill level 6 in Axes
  3550 | D:5      | Reached XP level 7. HP: 43/43 MP: 4/10
  3550 | D:5      | Reached XP level 8. HP: 48/48 MP: 4/11
  3628 | D:5      | 3628 ||| Stepping ~*~*~tactically~*~*~ (stealth).
  3629 | D:5      | 3629 ||| Stepping ~*~*~tactically~*~*~ (stealth).
  3694 | D:5      | Found a glowing silver altar of Zin.
  3743 | D:5      | Noticed Menkaure
  3744 | D:5      | 3744 ||| INVOKING Heroism.
  3750 | D:5      | Killed Menkaure
  3788 | D:5      | 3788 ||| READING scroll of enchant armour.
  3788 | D:5      | 3788 ||| ENCHANTING +0 storm dragon scales.
  3801 | D:5      | 3801 ||| INVOKING Heroism.
  3807 | D:5      | Reached skill level 1 in Throwing
  3834 | D:5      | Noticed Eustachio
  3835 | D:5      | 3835 ||| INVOKING Heroism.
  3849 | D:5      | Killed Eustachio
  3900 | D:5      | 3900 ||| INVOKING Heroism.
  3918 | D:5      | 3918 ||| FLEEEEING.
  3919 | D:5      | 3919 ||| FLEEEEING.
  3920 | D:5      | 3920 ||| FLEEEEING.
  3921 | D:5      | 3921 ||| FLEEEEING.
  3922 | D:5      | 3922 ||| FLEEEEING.
  3923 | D:5      | 3923 ||| STAIRDANCE
  3987 | D:4      | 3987 ||| READING scroll labelled LIUSEN CYUNGA.
  3988 | D:4      | 3988 ||| READING 2 scrolls of identify.
  3988 | D:4      | 3988 ||| IDENTIFYING dark potion
  3989 | D:4      | 3989 ||| DROPPING potion of flight.
  4113 | D:5      | Found a radiant altar of Vehumet.
  4223 | D:5      | 4223 ||| READING 2 scrolls of identify.
  4223 | D:5      | 4223 ||| IDENTIFYING emerald potion
  4224 | D:5      | 4224 ||| DROPPING potion of brilliance.
  4230 | D:6      | 4230 ||| INVOKING Heroism.
  4236 | D:6      | Reached **** piety under Okawaru
  4236 | D:6      | Received a gift from Okawaru
  4324 | D:6      | 4324 ||| INVOKING Heroism.
  4326 | D:6      | Reached XP level 9. HP: 55/55 MP: 9/12
  4406 | D:6      | Reached skill level 6 in Fighting
  4471 | D:6      | 4471 ||| Stepping ~*~*~tactically~*~*~ (stealth).
  4610 | D:6      | 4610 ||| INVOKING Heroism.
  4708 | D:6      | 4708 ||| Stepping ~*~*~tactically~*~*~ (stealth).
  4716 | D:6      | Found a staircase to the Ecumenical Temple.
  4718 | D:6      | 4718 ||| DROPPING +2 flail of protection.
  4817 | D:6      | 4817 ||| Stepping ~*~*~tactically~*~*~ (stealth).
  4821 | D:6      | Noticed a komodo dragon
  4828 | D:6      | 4828 ||| Stepping ~*~*~tactically~*~*~ (stealth).
  4832 | D:6      | 4832 ||| INVOKING Heroism.
  4910 | D:6      | Reached skill level 9 in Axes
  4996 | D:6      | 4996 ||| Stepping ~*~*~tactically~*~*~ (hiding).
  5110 | D:6      | 5110 ||| INVOKING Heroism.
  5132 | D:6      | 5132 ||| UPGRADING to +0 pair of gloves.
  5137 | D:6      | 5137 ||| READING scroll labelled AVIXKO YREY.
  5204 | D:7      | 5204 ||| INVOKING Heroism.
  5345 | D:7      | 5345 ||| Stepping ~*~*~tactically~*~*~ (stealth).
  5347 | D:7      | 5347 ||| INVOKING Heroism.
  5352 | D:7      | Received a gift from Okawaru
  5415 | D:7      | 5415 ||| INVOKING Heroism.
  5433 | D:7      | 5433 ||| Stepping ~*~*~tactically~*~*~ (stealth).
  5465 | D:7      | 5465 ||| INVOKING Heroism.
  5562 | D:7      | Found a glowing golden altar of the Shining One.
  5707 | D:7      | 5707 ||| INVOKING Heroism.
  5714 | D:7      | Found a blossoming altar of Fedhas.
  5731 | D:7      | Found a hide-covered altar of Uskayaw.
  5864 | D:7      | Found an opulent altar of Gozag.
  5896 | D:7      | 5896 ||| Stepping ~*~*~tactically~*~*~ (stealth).
  5916 | D:7      | 5916 ||| UPGRADING to +4 ring of protection.
  5917 | D:7      | 5917 ||| READING scroll labelled QOGGUM NEOGGO.
  5918 | D:7      | 5918 ||| READING 4 scrolls of identify.
  5918 | D:7      | 5918 ||| IDENTIFYING golden potion
  5919 | D:7      | 5919 ||| READING 3 scrolls of identify.
  5919 | D:7      | 5919 ||| IDENTIFYING yellow potion
  5920 | D:7      | 5920 ||| DROPPING potion of invisibility.
  5970 | D:8      | 5970 ||| Stepping ~*~*~tactically~*~*~ (hiding).
  5975 | D:8      | 5975 ||| Stepping ~*~*~tactically~*~*~ (stealth).
  5976 | D:8      | 5976 ||| Stepping ~*~*~tactically~*~*~ (hiding).
  5978 | D:8      | 5978 ||| Stepping ~*~*~tactically~*~*~ (hiding).
  5979 | D:8      | 5979 ||| Stepping ~*~*~tactically~*~*~ (hiding).
  5980 | D:8      | 5980 ||| INVOKING Heroism.
  5987 | D:8      | Reached XP level 10. HP: 47/63 MP: 11/13
  5991 | D:8      | 5991 ||| DRINKING 3 potions of curing.
  5991 | D:8      | 5991 ||| (to cure confusion)
  6091 | D:8      | Found a broken altar of Ashenzari.
  6141 | D:8      | Reached skill level 6 in Armour
  6239 | D:8      | 6239 ||| Stepping ~*~*~tactically~*~*~ (stealth).
  6241 | D:8      | 6241 ||| Stepping ~*~*~tactically~*~*~ (stealth).
  6253 | D:8      | 6253 ||| INVOKING Heroism.
  6569 | D:8      | 6569 ||| UPGRADING to ring of protection from fire.
  6570 | D:8      | 6570 ||| READING scroll labelled ONYNNYQ NYNIN.
  6570 | D:8      | Identified a scroll of acquirement
  6570 | D:8      | 6570 ||| ACQUIRING amulet "Imafepra" {Acrobat rF+ Will+
                  | Dex-4}
  6570 | D:8      | Acquired the amulet "Imafepra" {Acrobat rF+ Will+ Dex-4}
  6572 | D:8      | 6572 ||| UPGRADING to amulet "Imafepra" {Acrobat rF+ Will+
                  | Dex-4}.
  6577 | D:8      | 6577 ||| READING scroll labelled WEOLE RIMAE.
  6578 | D:8      | 6578 ||| READING 2 scrolls of identify.
  6578 | D:8      | 6578 ||| IDENTIFYING inky potion
  6579 | D:8      | 6579 ||| DROPPING potion of degeneration.
  6636 | D:9      | 6636 ||| Stepping ~*~*~tactically~*~*~ (hiding).
  6707 | D:9      | 6707 ||| Stepping ~*~*~tactically~*~*~ (hiding).
  6767 | D:9      | Found Ywia's Jewellery Shoppe.
  6791 | D:9      | 6791 ||| SHOPLISTING +5 ring of evasion (540 gold, have
                  | 318).
  6791 | D:9      | 6791 ||| SHOPLISTING +6 ring of strength (540 gold, have
                  | 318).
  6791 | D:9      | 6791 ||| SHOPLISTING ring "Inkyn" {rC+ rN+ Str+3} (604
                  | gold, have 318).
  6791 | D:9      | 6791 ||| SHOPLISTING ring "Lodet" {rC+ Str+2 Int+2 Stlth+}
                  | (648 gold, have 318).
  6791 | D:9      | 6791 ||| SHOPLISTING ring of Wuacyd {Fly Will+ Str+3 Int+3}
                  | (640 gold, have 318).
  6791 | D:9      | 6791 ||| BUYING ring of positive energy (300 gold).
  6791 | D:9      | Bought a ring of positive energy for 300 gold pieces
  6852 | D:9      | 6852 ||| INVOKING Heroism.
  6889 | D:9      | 6889 ||| Stepping ~*~*~tactically~*~*~ (hiding).
  6900 | D:9      | 6900 ||| INVOKING Heroism.
  6904 | D:9      | Reached skill level 3 in Throwing
  6906 | D:9      | Reached skill level 6 in Invocations
  7027 | D:9      | Found a staircase to the Lair.
  7392 | D:9      | 7392 ||| INVOKING Heroism.
  7437 | D:9      | Found a hazy altar of Hepliaklqana.
  7543 | D:9      | Found a basalt altar of Yredelemnul.
  7598 | D:9      | Found a white marble altar of Elyvilon.
  7714 | D:9      | Found a shimmering altar of Xom.
  7715 | D:9      | 7715 ||| PLANNING LAIR
  7715 | D:9      | 7715 ||| UPGRADING to amulet of reflection.
  7796 | Lair:1   | Entered Level 1 of the Lair of Beasts
  7798 | Lair:1   | Noticed a black mamba
  7802 | Lair:1   | 7802 ||| STAIRDANCE
  7806 | D:9      | Reached XP level 11. HP: 61/68 MP: 14/16
  7839 | Lair:1   | Identified the +2 short sword of Change {vamp, Stlth+}
  7847 | Lair:1   | 7847 ||| INVOKING Heroism.
  7864 | Lair:1   | Noticed Erica
  7870 | Lair:1   | Killed Erica
  7870 | Lair:1   | Received a gift from Okawaru
  8438 | Lair:1   | Noticed an oklob plant
  8439 | Lair:1   | 8439 ||| FLEEEEING.
  8473 | Lair:1   | 8473 ||| INVOKING Heroism.
  8484 | Lair:1   | Killed an oklob plant
  8805 | Lair:1   | 8805 ||| READING scroll labelled MOXTOU QYCILAD.
  8816 | Lair:2   | Noticed Nergalle
  8817 | Lair:2   | 8817 ||| INVOKING Heroism.
  8817 | Lair:2   | Noticed Harold
  8820 | Lair:2   | Noticed Gastronok
  8826 | Lair:2   | 8826 ||| STAIRDANCE
  8832 | Lair:1   | Killed Harold
  8833 | Lair:1   | Killed Nergalle
  8833 | Lair:1   | Reached ***** piety under Okawaru
  8834 | Lair:1   | Reached skill level 9 in Fighting
  8976 | Lair:2   | 8976 ||| INVOKING Heroism.
  8989 | Lair:2   | Killed Gastronok
  8990 | Lair:2   | Reached skill level 9 in Invocations
  9196 | Lair:2   | You fall into a shaft and drop 1 floor!
  9198 | Lair:3   | 9198 ||| INVOKING Heroism.
  9392 | Lair:3   | 9392 ||| INVOKING Heroism.
  9419 | Lair:3   | 9419 ||| Stepping ~*~*~tactically~*~*~ (stealth).
  9420 | Lair:3   | 9420 ||| Stepping ~*~*~tactically~*~*~ (stealth).
  9426 | Lair:3   | Identified the +0 pair of boots "Cyc Sam" {Contam rC+++
                  | Slay+3} (Okawaru gifted it to you on level 3 of the Lair of
                  | Beasts)
  9426 | Lair:3   | Received a gift from Okawaru
  9427 | Lair:3   | Reached XP level 12. HP: 75/76 MP: 19/19
  9433 | Lair:3   | 9433 ||| INVOKING Heroism.
  9436 | Lair:3   | Reached skill level 12 in Axes
  9616 | Lair:3   | Noticed a five-headed hydra
  9617 | Lair:3   | 9617 ||| INVOKING Heroism.
  9618 | Lair:3   | 9618 ||| INVOKING Finesse.
  9623 | Lair:3   | 9623 ||| SWAPPING to +2 heavy morningstar.
  9624 | Lair:3   | Killed a five-headed hydra
  9625 | Lair:3   | Reached skill level 6 in Shields
  9625 | Lair:3   | 9625 ||| SWAPPING to +1 heavy war axe.
  9702 | Lair:3   | 9702 ||| INVOKING Heroism.
  9792 | Lair:3   | 9792 ||| Stepping ~*~*~tactically~*~*~ (stealth).
  9793 | Lair:3   | 9793 ||| Stepping ~*~*~tactically~*~*~ (stealth).
  9861 | Lair:3   | 9861 ||| Stepping ~*~*~tactically~*~*~ (stealth).
  9862 | Lair:3   | 9862 ||| Stepping ~*~*~tactically~*~*~ (stealth).
  9869 | Lair:3   | 9869 ||| INVOKING Heroism.
  9960 | Lair:3   | 9960 ||| Stepping ~*~*~tactically~*~*~ (stealth).
  9966 | Lair:3   | 9966 ||| Stepping ~*~*~tactically~*~*~ (stealth).
  9967 | Lair:3   | 9967 ||| INVOKING Heroism.
  9992 | Lair:3   | 9992 ||| UPGRADING to +0 pair of boots "Cyc Sam" {Contam
                  | rC+++ Slay+3}.
  9997 | Lair:3   | 9997 ||| UPGRADING to +1 hat of willpower.
 10002 | Lair:3   | 10002 ||| DROPPING +2 pair of boots.
 10003 | Lair:3   | 10003 ||| UPGRADING to +2 helmet.
 10013 | Lair:3   | 10013 ||| DROPPING +1 hat of willpower.
 10014 | Lair:3   | 10014 ||| READING 2 scrolls of identify.
 10014 | Lair:3   | 10014 ||| IDENTIFYING fuming grey potion
 10162 | Lair:2   | Noticed a catoblepas
 10167 | Lair:2   | 10167 ||| INVOKING Heroism.
 10168 | Lair:2   | 10168 ||| INVOKING Finesse.
 10172 | Lair:2   | Killed a catoblepas
 10215 | Lair:2   | 10215 ||| INVOKING Heroism.
 10272 | Lair:2   | Found a staircase to the Shoals.
 10355 | Lair:2   | Found a staircase to the Snake Pit.
 10432 | Lair:2   | 10432 ||| Stepping ~*~*~tactically~*~*~ (hiding).
 11130 | Lair:3   | 11130 ||| INVOKING Heroism.
 11132 | Lair:3   | Reached skill level 9 in Armour
 11339 | Lair:4   | Noticed a skyshark
 11343 | Lair:4   | Killed a skyshark
 11357 | Lair:4   | 11357 ||| INVOKING Heroism.
 11369 | Lair:4   | 11369 ||| Stepping ~*~*~tactically~*~*~ (stealth).
 11376 | Lair:4   | 11376 ||| INVOKING Heroism.
 11554 | Lair:4   | 11554 ||| INVOKING Heroism.
 11596 | Lair:4   | 11596 ||| Stepping ~*~*~tactically~*~*~ (stealth).
 11653 | Lair:4   | Noticed a six-headed hydra
 11654 | Lair:4   | 11654 ||| INVOKING Heroism.
 11656 | Lair:4   | 11656 ||| Stepping ~*~*~tactically~*~*~ (stealth).
 11658 | Lair:4   | 11658 ||| SWAPPING to +2 heavy morningstar.
 11661 | Lair:4   | Killed a six-headed hydra
 11661 | Lair:4   | Received a gift from Okawaru
 11662 | Lair:4   | Reached XP level 13. HP: 75/82 MP: 18/20
 11662 | Lair:4   | 11662 ||| SWAPPING to +1 heavy war axe.
 11737 | Lair:4   | 11737 ||| READING scroll of enchant armour.
 11737 | Lair:4   | 11737 ||| ENCHANTING +0 pair of gloves.
 11748 | Lair:4   | Found a staircase to the Slime Pits.
 11748 | Lair:4   | Found a viscous altar of Jiyva.
 11766 | Lair:4   | 11766 ||| READING scroll of enchant armour.
 11766 | Lair:4   | 11766 ||| ENCHANTING +1 pair of gloves.
 11822 | Lair:4   | 11822 ||| INVOKING Heroism.
 12118 | Lair:4   | 12118 ||| Stepping ~*~*~tactically~*~*~ (hiding).
 12171 | Lair:4   | 12171 ||| READING scroll labelled DITOAR CEDIT.
 12195 | Lair:5   | Entered Level 5 of the Lair of Beasts
 12268 | Lair:5   | 12268 ||| INVOKING Heroism.
 12269 | Lair:5   | 12269 ||| INVOKING Finesse.
 12270 | Lair:5   | 12270 ||| INVOKING Finesse.
 12278 | Lair:5   | 12278 ||| SWAPPING to +2 heavy morningstar.
 12284 | Lair:5   | 12284 ||| SWAPPING to +1 heavy war axe.
 12352 | Lair:5   | 12352 ||| FLEEEEING.
 12353 | Lair:5   | 12353 ||| FLEEEEING.
 12354 | Lair:5   | 12354 ||| FLEEEEING.
 12355 | Lair:5   | 12355 ||| FLEEEEING.
 12356 | Lair:5   | 12356 ||| FLEEEEING.
 12357 | Lair:5   | 12357 ||| FLEEEEING.
 12358 | Lair:5   | 12358 ||| FLEEEEING.
 12359 | Lair:5   | 12359 ||| FLEEEEING.
 12360 | Lair:5   | 12360 ||| STAIRDANCE
 12451 | Lair:5   | 12451 ||| READING scroll of enchant armour.
 12451 | Lair:5   | 12451 ||| ENCHANTING +1 storm dragon scales.
 12468 | Lair:5   | 12468 ||| READING scroll of brand weapon.
 12468 | Lair:5   | 12468 ||| BRANDING +1 heavy war axe.
 12543 | Lair:5   | 12543 ||| INVOKING Heroism.
 12596 | Lair:5   | 12596 ||| INVOKING Heroism.
 12613 | Lair:5   | Received a gift from Okawaru
 12620 | Lair:5   | 12620 ||| Stepping ~*~*~tactically~*~*~ (stealth).
 12640 | Lair:5   | 12640 ||| Stepping ~*~*~tactically~*~*~ (stealth).
 12641 | Lair:5   | 12641 ||| Stepping ~*~*~tactically~*~*~ (stealth).
 12642 | Lair:5   | 12642 ||| INVOKING Heroism.
 12675 | Lair:5   | Received a gift from Okawaru
 12689 | Lair:5   | 12689 ||| Stepping ~*~*~tactically~*~*~ (stealth).
 12689 | Lair:5   | Identified the +1 ring mail of Vanity {Fly Str+2 Dex+3}
 12735 | Lair:5   | 12735 ||| Stepping ~*~*~tactically~*~*~ (hiding).
 12746 | Lair:5   | 12746 ||| Stepping ~*~*~tactically~*~*~ (hiding).
 12750 | Lair:5   | 12750 ||| INVOKING Heroism.
 12777 | Lair:5   | 12777 ||| Stepping ~*~*~tactically~*~*~ (hiding).
 12813 | Lair:5   | 12813 ||| INVOKING Heroism.
 12840 | Lair:5   | 12840 ||| Stepping ~*~*~tactically~*~*~ (stealth).
 12843 | Lair:5   | 12843 ||| Stepping ~*~*~tactically~*~*~ (stealth).
 12878 | Lair:5   | 12878 ||| FLEEEEING.
 12879 | Lair:5   | 12879 ||| FLEEEEING.
 12880 | Lair:5   | 12880 ||| FLEEEEING.
 12881 | Lair:5   | 12881 ||| FLEEEEING.
 12882 | Lair:5   | 12882 ||| FLEEEEING.
 12883 | Lair:5   | 12883 ||| FLEEEEING.
 12884 | Lair:5   | 12884 ||| FLEEEEING.
 12885 | Lair:5   | 12885 ||| FLEEEEING.
 12886 | Lair:5   | 12886 ||| FLEEEEING.
 12887 | Lair:5   | 12887 ||| FLEEEEING.
 12888 | Lair:5   | 12888 ||| FLEEEEING.
 12889 | Lair:5   | 12889 ||| FLEEEEING.
 12890 | Lair:5   | 12890 ||| FLEEEEING.
 12891 | Lair:5   | 12891 ||| FLEEEEING.
 12892 | Lair:5   | 12892 ||| FLEEEEING.
 12893 | Lair:5   | 12893 ||| FLEEEEING.
 12894 | Lair:5   | 12894 ||| FLEEEEING.
 12895 | Lair:5   | 12895 ||| FLEEEEING.
 12896 | Lair:5   | 12896 ||| FLEEEEING.
 12897 | Lair:5   | 12897 ||| FLEEEEING.
 12898 | Lair:5   | 12898 ||| FLEEEEING.
 12899 | Lair:5   | 12899 ||| FLEEEEING.
 12900 | Lair:5   | 12900 ||| FLEEEEING.
 12902 | Lair:5   | 12902 ||| FLEEEEING.
 12903 | Lair:5   | 12903 ||| FLEEEEING.
 12904 | Lair:5   | 12904 ||| FLEEEEING.
 12905 | Lair:5   | 12905 ||| FLEEEEING.
 12906 | Lair:5   | 12906 ||| FLEEEEING.
 12907 | Lair:5   | 12907 ||| FLEEEEING.
 12909 | Lair:5   | 12909 ||| FLEEEEING.
 12910 | Lair:5   | 12910 ||| FLEEEEING.
 12911 | Lair:5   | 12911 ||| FLEEEEING.
 12912 | Lair:5   | 12912 ||| FLEEEEING.
 12913 | Lair:5   | 12913 ||| FLEEEEING.
 12914 | Lair:5   | 12914 ||| FLEEEEING.
 12915 | Lair:5   | 12915 ||| FLEEEEING.
 12916 | Lair:5   | 12916 ||| FLEEEEING.
 12918 | Lair:5   | 12918 ||| FLEEEEING.
 12919 | Lair:5   | 12919 ||| FLEEEEING.
 12920 | Lair:5   | 12920 ||| FLEEEEING.
 12921 | Lair:5   | 12921 ||| FLEEEEING.
 12922 | Lair:5   | 12922 ||| FLEEEEING.
 12923 | Lair:5   | 12923 ||| FLEEEEING.
 12924 | Lair:5   | 12924 ||| FLEEEEING.
 12925 | Lair:5   | 12925 ||| FLEEEEING.
 12926 | Lair:5   | 12926 ||| FLEEEEING.
 12927 | Lair:5   | 12927 ||| FLEEEEING.
 12928 | Lair:5   | 12928 ||| FLEEEEING.
 12929 | Lair:5   | 12929 ||| FLEEEEING.
 12931 | Lair:5   | 12931 ||| FLEEEEING.
 12932 | Lair:5   | 12932 ||| FLEEEEING.
 12933 | Lair:5   | 12933 ||| FLEEEEING.
 12934 | Lair:5   | 12934 ||| FLEEEEING.
 12935 | Lair:5   | 12935 ||| FLEEEEING.
 12936 | Lair:5   | 12936 ||| FLEEEEING.
 12940 | Lair:5   | 12940 ||| FLEEEEING.
 12941 | Lair:5   | 12941 ||| FLEEEEING.
 12943 | Lair:5   | 12943 ||| FLEEEEING.
 12944 | Lair:5   | 12944 ||| FLEEEEING.
 12945 | Lair:5   | 12945 ||| FLEEEEING.
 12946 | Lair:5   | 12946 ||| FLEEEEING.
 12947 | Lair:5   | 12947 ||| FLEEEEING.
 12948 | Lair:5   | 12948 ||| FLEEEEING.
 12949 | Lair:5   | 12949 ||| FLEEEEING.
 12950 | Lair:5   | 12950 ||| FLEEEEING.
 12951 | Lair:5   | 12951 ||| FLEEEEING.
 12952 | Lair:5   | 12952 ||| FLEEEEING.
 12953 | Lair:5   | 12953 ||| FLEEEEING.
 12954 | Lair:5   | 12954 ||| FLEEEEING.
 12955 | Lair:5   | 12955 ||| FLEEEEING.
 12956 | Lair:5   | 12956 ||| STAIRDANCE
 12993 | Lair:4   | 12993 ||| DROPPING ring of positive energy.
 12994 | Lair:4   | 12994 ||| UPGRADING to +6 ring of strength.
 12996 | Lair:4   | 12996 ||| UPGRADING to amulet "Imafepra" {Acrobat rF+ Will+
                  | Dex-4}.
 13006 | Lair:4   | 13006 ||| DROPPING ring of willpower.
 13124 | Lair:5   | 13124 ||| INVOKING Heroism.
 13141 | Lair:5   | 13141 ||| Stepping ~*~*~tactically~*~*~ (stealth).
 13145 | Lair:5   | Gained mutation: Your large and strong wings let you fly.
                  | [Gargoyle growth]
 13145 | Lair:5   | Reached XP level 14. HP: 90/90 MP: 21/21
 13145 | Lair:5   | Found a corrupted altar of Lugonu.
 13146 | Lair:5   | Found a one-way gate to the infinite horrors of the Abyss.
 13304 | Lair:5   | 13304 ||| Stepping ~*~*~tactically~*~*~ (stealth).
 13308 | Lair:5   | 13308 ||| Stepping ~*~*~tactically~*~*~ (stealth).
 13310 | Lair:5   | 13310 ||| Stepping ~*~*~tactically~*~*~ (stealth).
 13315 | Lair:5   | Reached skill level 15 in Axes
 13407 | Lair:5   | 13407 ||| Stepping ~*~*~tactically~*~*~ (stealth).
 13418 | Lair:5   | 13418 ||| Stepping ~*~*~tactically~*~*~ (stealth).
 13420 | Lair:5   | 13420 ||| Stepping ~*~*~tactically~*~*~ (stealth).
 13424 | Lair:5   | 13424 ||| Stepping ~*~*~tactically~*~*~ (stealth).
 13425 | Lair:5   | 13425 ||| INVOKING Heroism.
 13426 | Lair:5   | 13426 ||| SWAPPING to +2 heavy morningstar.
 13427 | Lair:5   | 13427 ||| INVOKING Finesse.
 13434 | Lair:5   | 13434 ||| SWAPPING to +1 war axe of protection.
 13545 | Lair:5   | Reached skill level 12 in Fighting
 13633 | Lair:5   | 13633 ||| Stepping ~*~*~tactically~*~*~ (stealth).
 13959 | Lair:5   | 13959 ||| PLANNING D:1-11
 13959 | Lair:5   | 13959 ||| DROPPING +6 ring of dexterity.
 13960 | Lair:5   | 13960 ||| READING scroll labelled JIUSKA QEDI.
 14016 | Lair:5   | 14016 ||| READING 3 scrolls of identify.
 14016 | Lair:5   | 14016 ||| IDENTIFYING fuming red potion
 14017 | Lair:5   | 14017 ||| READING 2 scrolls of identify.
 14017 | Lair:5   | 14017 ||| IDENTIFYING smoky green potion
 14138 | D:10     | Entered Level 10 of the Dungeon
 14141 | D:10     | 14141 ||| Stepping ~*~*~tactically~*~*~ (stealth).
 14146 | D:10     | 14146 ||| Stepping ~*~*~tactically~*~*~ (stealth).
 14179 | D:10     | Found a stormy altar of Qazlal.
 14202 | D:10     | 14202 ||| Stepping ~*~*~tactically~*~*~ (hiding).
 14289 | D:10     | 14289 ||| FLEEEEING.
 14290 | D:10     | 14290 ||| STAIRDANCE
 14354 | D:10     | 14354 ||| Stepping ~*~*~tactically~*~*~ (hiding).
 14355 | D:10     | 14355 ||| Stepping ~*~*~tactically~*~*~ (hiding).
 14356 | D:10     | 14356 ||| Stepping ~*~*~tactically~*~*~ (hiding).
 14377 | D:10     | Found a staircase to the Orcish Mines.
 14447 | D:10     | 14447 ||| FLEEEEING.
 14448 | D:10     | 14448 ||| FLEEEEING.
 14449 | D:10     | 14449 ||| FLEEEEING.
 14450 | D:10     | 14450 ||| FLEEEEING.
 14451 | D:10     | 14451 ||| FLEEEEING.
 14452 | D:10     | 14452 ||| FLEEEEING.
 14453 | D:10     | 14453 ||| FLEEEEING.
 14454 | D:10     | 14454 ||| FLEEEEING.
 14455 | D:10     | 14455 ||| FLEEEEING.
 14456 | D:10     | 14456 ||| FLEEEEING.
 14457 | D:10     | 14457 ||| FLEEEEING.
 14458 | D:10     | 14458 ||| FLEEEEING.
 14459 | D:10     | 14459 ||| FLEEEEING.
 14460 | D:10     | 14460 ||| FLEEEEING.
 14461 | D:10     | 14461 ||| FLEEEEING.
 14462 | D:10     | 14462 ||| FLEEEEING.
 14463 | D:10     | 14463 ||| FLEEEEING.
 14464 | D:10     | 14464 ||| FLEEEEING.
 14465 | D:10     | 14465 ||| FLEEEEING.
 14466 | D:10     | 14466 ||| FLEEEEING.
 14668 | D:10     | 14668 ||| DROPPING +6 ring of intelligence.
 14669 | D:10     | 14669 ||| Stepping randomly (disturbance).
 14899 | D:10     | Found Dufyrch's Weapon Boutique.
 14963 | D:10     | 14963 ||| READING 3 scrolls of identify.
 14963 | D:10     | 14963 ||| IDENTIFYING cyan potion
 14964 | D:10     | 14964 ||| DROPPING potion of ambrosia.
 15058 | D:11     | 15058 ||| Stepping ~*~*~tactically~*~*~ (stealth).
 15060 | D:11     | 15060 ||| Stepping ~*~*~tactically~*~*~ (hiding).
 15074 | D:11     | 15074 ||| Stepping ~*~*~tactically~*~*~ (hiding).
 15083 | D:11     | 15083 ||| Stepping ~*~*~tactically~*~*~ (hiding).
 15290 | D:11     | 15290 ||| Stepping ~*~*~tactically~*~*~ (stealth).
 15292 | D:11     | 15292 ||| Stepping ~*~*~tactically~*~*~ (stealth).
 15409 | D:11     | Received a gift from Okawaru
 15437 | D:11     | 15437 ||| Stepping ~*~*~tactically~*~*~ (stealth).
 15440 | D:11     | 15440 ||| Stepping ~*~*~tactically~*~*~ (stealth).
 15443 | D:11     | 15443 ||| Stepping ~*~*~tactically~*~*~ (stealth).
 15563 | D:11     | 15563 ||| PLANNING D
 15608 | D:12     | 15608 ||| Stepping ~*~*~tactically~*~*~ (hiding).
 15655 | D:12     | 15655 ||| INVOKING Heroism.
 15788 | D:12     | 15788 ||| INVOKING Heroism.
 15800 | D:12     | Received a gift from Okawaru
 15803 | D:12     | Noticed Frances
 15804 | D:12     | 15804 ||| INVOKING Finesse.
 15829 | D:12     | Killed Frances
 15831 | D:12     | 15831 ||| Stepping randomly (disturbance).
 15833 | D:12     | 15833 ||| Stepping randomly (disturbance).
 15850 | D:12     | 15850 ||| Stepping randomly (disturbance).
 15851 | D:12     | 15851 ||| Stepping randomly (disturbance).
 16127 | D:12     | 16127 ||| Stepping ~*~*~tactically~*~*~ (stealth).
 16148 | D:12     | Received a gift from Okawaru
 16308 | D:12     | 16308 ||| INVOKING Heroism.
 16669 | D:13     | Found a gate leading to a gauntlet.
 16670 | D:13     | 16670 ||| PLANNING GAUNTLET
 16674 | D:13     | Received a gift from Okawaru
 16729 | Gauntlet | Entered a Gauntlet
 16729 | Gauntlet | Found a runed translucent gate.
 16729 | Gauntlet | Found a transporter.
 16729 | Gauntlet | Found a runed translucent gate.
 16729 | Gauntlet | Found a runed translucent gate.
 16729 | Gauntlet | Found a transporter.
 16729 | Gauntlet | Found a transporter.
 16741 | Gauntlet | Found a transporter.
 16744 | Gauntlet | Found a transporter.
 16748 | Gauntlet | Found a runed translucent door.
 16752 | Gauntlet | Found a transporter.
 16755 | Gauntlet | Found a transporter.
 16759 | Gauntlet | Found a runed translucent door.
 16762 | Gauntlet | Found a runed translucent door.
 16763 | Gauntlet | Found a transporter.
 16783 | Gauntlet | Found a transporter.
 16801 | Gauntlet | Found a transporter.
 16805 | Gauntlet | Found a transporter.
 16815 | Gauntlet | Found a transporter.
 16860 | Gauntlet | Found a runed translucent door.
 16936 | Gauntlet | 16936 ||| INVOKING Heroism.
 16956 | Gauntlet | 16956 ||| DROPPING +1 pair of boots of flying.
 16998 | Gauntlet | 16998 ||| INVOKING Heroism.
 17021 | Gauntlet | Received a gift from Okawaru
 17106 | Gauntlet | 17106 ||| INVOKING Heroism.
 17228 | Gauntlet | 17228 ||| DROPPING +1 morningstar of freezing.
 17308 | Gauntlet | 17308 ||| UPGRADING to +4 plate armour of poison
                  | resistance.
 17318 | Gauntlet | 17318 ||| DROPPING +2 storm dragon scales.
 17319 | Gauntlet | 17319 ||| UPGRADING to +5 ring of evasion.
 17321 | Gauntlet | 17321 ||| UPGRADING to +4 ring of protection.
 17323 | Gauntlet | 17323 ||| DROPPING +6 ring of strength.
 17347 | D:13     | 17347 ||| PLANNING D
 17470 | D:13     | 17470 ||| Stepping ~*~*~tactically~*~*~ (hiding).
 17663 | D:13     | 17663 ||| DRINKING potion of experience.
 17663 | D:13     | Reached XP level 15. HP: 96/96 MP: 22/22
 17694 | D:13     | Reached XP level 16. HP: 100/101 MP: 23/23
 18470 | D:14     | 18470 ||| Stepping ~*~*~tactically~*~*~ (stealth).
 18477 | D:14     | 18477 ||| FLEEEEING.
 18478 | D:14     | 18478 ||| FLEEEEING.
 18479 | D:14     | 18479 ||| FLEEEEING.
 18494 | D:14     | 18494 ||| FLEEEEING.
 18496 | D:14     | 18496 ||| FLEEEEING.
 18497 | D:14     | 18497 ||| FLEEEEING.
 18498 | D:14     | 18498 ||| Stepping ~*~*~tactically~*~*~ (hiding).
 18517 | D:14     | 18517 ||| INVOKING Heroism.
 18783 | D:14     | 18783 ||| Stepping ~*~*~tactically~*~*~ (stealth).
 18785 | D:14     | 18785 ||| READING 8 scrolls of teleportation.
 18786 | D:14     | 18786 ||| FLEEEEING.
 18803 | D:14     | Found Xutuaz's Antique Weapon Shoppe.
 18825 | D:14     | Found a gate to the Vaults.
 18836 | D:14     | Reached skill level 12 in Armour
 18907 | D:14     | 18907 ||| Stepping ~*~*~tactically~*~*~ (stealth).
 18917 | D:14     | 18917 ||| FLEEEEING.
 18918 | D:14     | 18918 ||| FLEEEEING.
 18930 | D:14     | 18930 ||| INVOKING Heroism.
 19210 | D:14     | Found a shimmering altar of Xom.
 19213 | D:14     | Found a bloodstained altar of Trog.
 19213 | D:14     | Found a shimmering altar of Xom.
 19218 | D:14     | Found a stormy altar of Qazlal.
 19218 | D:14     | Found a bloodstained altar of Trog.
 19218 | D:14     | Found an ornate altar of the Wu Jian Council.
 19290 | D:14     | 19290 ||| INVOKING Heroism.
 19312 | D:14     | 19312 ||| Stepping ~*~*~tactically~*~*~ (stealth).
 19322 | D:14     | 19322 ||| INVOKING Heroism.
 19352 | D:14     | 19352 ||| READING scroll of enchant weapon.
 19352 | D:14     | 19352 ||| ENCHANTING +1 war axe of protection.
 19513 | D:14     | 19513 ||| UPGRADING to +1 cloak.
 19559 | D:15     | Entered Level 15 of the Dungeon
 19682 | D:15     | Received a gift from Okawaru
 19689 | D:15     | Found a snail-covered altar of Cheibriados.
 19691 | D:15     | 19691 ||| Stepping ~*~*~tactically~*~*~ (stealth).
 19722 | D:15     | 19722 ||| FLEEEEING.
 19723 | D:15     | 19723 ||| FLEEEEING.
 19724 | D:15     | 19724 ||| FLEEEEING.
 19728 | D:15     | 19728 ||| FLEEEEING.
 19729 | D:15     | 19729 ||| FLEEEEING.
 19730 | D:15     | 19730 ||| FLEEEEING.
 19780 | D:15     | 19780 ||| Stepping ~*~*~tactically~*~*~ (hiding).
 19879 | D:15     | 19879 ||| FLEEEEING.
 19881 | D:15     | 19881 ||| FLEEEEING.
 19882 | D:15     | 19882 ||| FLEEEEING.
 19883 | D:15     | 19883 ||| FLEEEEING.
 19884 | D:15     | 19884 ||| FLEEEEING.
 19885 | D:15     | 19885 ||| FLEEEEING.
 19886 | D:15     | 19886 ||| FLEEEEING.
 19887 | D:15     | 19887 ||| FLEEEEING.
 19888 | D:15     | 19888 ||| FLEEEEING.
 19889 | D:15     | 19889 ||| FLEEEEING.
 19890 | D:15     | 19890 ||| FLEEEEING.
 19896 | D:15     | 19896 ||| INVOKING Heroism.
 19897 | D:15     | 19897 ||| INVOKING Finesse.
 19923 | D:15     | Received a gift from Okawaru
 19932 | D:15     | Reached skill level 9 in Shields
 19939 | D:15     | 19939 ||| Stepping ~*~*~tactically~*~*~ (hiding).
 20024 | D:15     | 20024 ||| Stepping ~*~*~tactically~*~*~ (hiding).
 20035 | D:15     | Received a gift from Okawaru
 20067 | D:15     | 20067 ||| Stepping ~*~*~tactically~*~*~ (stealth).
 20071 | D:15     | 20071 ||| INVOKING Heroism.
 20222 | D:15     | Found a staircase to the Depths.
 20234 | D:15     | 20234 ||| INVOKING Heroism.
 20529 | D:15     | 20529 ||| PLANNING ORC
 20645 | Orc:1    | Entered Level 1 of the Orcish Mines
 20651 | Orc:1    | 20651 ||| STAIRDANCE
 20695 | Orc:1    | 20695 ||| Stepping ~*~*~tactically~*~*~ (hiding).
 20764 | Orc:1    | 20764 ||| Stepping ~*~*~tactically~*~*~ (hiding).
 20784 | Orc:1    | 20784 ||| Stepping ~*~*~tactically~*~*~ (hiding).
 20786 | Orc:1    | 20786 ||| Stepping ~*~*~tactically~*~*~ (hiding).
 20787 | Orc:1    | 20787 ||| Stepping ~*~*~tactically~*~*~ (hiding).
 20789 | Orc:1    | 20789 ||| INVOKING Heroism.
 20877 | Orc:1    | 20877 ||| Stepping ~*~*~tactically~*~*~ (stealth).
 20931 | Orc:1    | You are sucked into a shaft and drop 1 floor!
 20931 | Orc:2    | Entered Level 2 of the Orcish Mines
 20931 | Orc:2    | Found Cuogrots's Armour Shop.
 20931 | Orc:2    | Found Xessur's Magic Scroll Boutique.
 20931 | Orc:2    | Found Yxteokirr's General Store.
 20932 | Orc:2    | 20932 ||| INVOKING Heroism.
 20960 | Orc:2    | 20960 ||| INVOKING Heroism.
 20963 | Orc:2    | HP: 26/106 [orc priest/divine providence (12)]
 20963 | Orc:2    | Noticed Erolcha
 20964 | Orc:2    | 20964 ||| READING 10 scrolls of teleportation.
 20966 | Orc:2    | 20966 ||| DRINKING 6 potions of heal wounds.
 20978 | Orc:2    | Killed Erolcha
 20994 | Orc:2    | HP: 18/107 [two-headed ogre/+0 dire flail (12)]
 20995 | Orc:2    | 20995 ||| READING 9 scrolls of teleportation.
 20996 | Orc:2    | 20996 ||| DRINKING 5 potions of heal wounds.
 20997 | Orc:2    | 20997 ||| DRINKING 4 potions of heal wounds.
 21044 | Orc:2    | 21044 ||| Stepping ~*~*~tactically~*~*~ (stealth).
 21045 | Orc:2    | 21045 ||| Stepping ~*~*~tactically~*~*~ (stealth).
 21054 | Orc:2    | 21054 ||| INVOKING Heroism.
 21059 | Orc:2    | 21059 ||| Stepping ~*~*~tactically~*~*~ (stealth).
 21061 | Orc:2    | 21061 ||| Stepping ~*~*~tactically~*~*~ (stealth).
 21062 | Orc:2    | 21062 ||| Stepping ~*~*~tactically~*~*~ (stealth).
 21090 | Orc:2    | 21090 ||| Stepping ~*~*~tactically~*~*~ (stealth).
 21096 | Orc:2    | 21096 ||| INVOKING Heroism.
 21123 | Orc:2    | 21123 ||| INVOKING Heroism.
 21148 | Orc:2    | Found Gubyc's Jewellery Boutique.
 21245 | Orc:2    | Reached XP level 17. HP: 106/112 MP: 24/24
 21262 | Orc:2    | 21262 ||| Stepping randomly (stuck).
 21264 | Orc:2    | 21264 ||| Stepping randomly (stuck).
 21266 | Orc:2    | 21266 ||| Stepping randomly (stuck).
 21267 | Orc:2    | 21267 ||| Stepping randomly (stuck).
 21268 | Orc:2    | 21268 ||| Stepping randomly (stuck).
 21269 | Orc:2    | 21269 ||| Stepping randomly (stuck).
 21270 | Orc:2    | 21270 ||| Stepping randomly (stuck).
 21271 | Orc:2    | 21271 ||| Stepping randomly (stuck).
 21272 | Orc:2    | 21272 ||| Stepping randomly (stuck).
 21273 | Orc:2    | 21273 ||| Stepping randomly (stuck).
 21274 | Orc:2    | 21274 ||| Stepping randomly (stuck).
 21275 | Orc:2    | 21275 ||| Stepping randomly (stuck).
 21276 | Orc:2    | 21276 ||| Stepping randomly (stuck).
 21277 | Orc:2    | 21277 ||| Stepping randomly (stuck).
 21278 | Orc:2    | 21278 ||| Stepping randomly (stuck).
 21279 | Orc:2    | 21279 ||| Stepping randomly (stuck).
 21280 | Orc:2    | 21280 ||| Stepping randomly (stuck).
 21281 | Orc:2    | 21281 ||| Stepping randomly (stuck).
 21282 | Orc:2    | 21282 ||| Stepping randomly (stuck).
 21283 | Orc:2    | 21283 ||| Stepping randomly (stuck).
 21284 | Orc:2    | 21284 ||| Stepping randomly (stuck).
 21285 | Orc:2    | 21285 ||| Stepping randomly (stuck).
 21286 | Orc:2    | 21286 ||| Stepping randomly (stuck).
 21287 | Orc:2    | 21287 ||| Stepping randomly (stuck).
 21288 | Orc:2    | 21288 ||| Stepping randomly (stuck).
 21289 | Orc:2    | 21289 ||| Stepping randomly (stuck).
 21290 | Orc:2    | 21290 ||| Stepping randomly (stuck).
 21291 | Orc:2    | 21291 ||| Stepping randomly (stuck).
 21292 | Orc:2    | 21292 ||| Stepping randomly (stuck).
 21293 | Orc:2    | 21293 ||| Stepping randomly (stuck).
 21294 | Orc:2    | 21294 ||| Stepping randomly (stuck).
 21295 | Orc:2    | 21295 ||| Stepping randomly (stuck).
 21296 | Orc:2    | 21296 ||| Stepping randomly (stuck).
 21297 | Orc:2    | 21297 ||| Stepping randomly (stuck).
 21298 | Orc:2    | 21298 ||| Stepping randomly (stuck).
 21299 | Orc:2    | 21299 ||| Stepping randomly (stuck).
 21300 | Orc:2    | 21300 ||| Stepping randomly (stuck).
 21301 | Orc:2    | 21301 ||| Stepping randomly (stuck).
 21302 | Orc:2    | 21302 ||| Stepping randomly (stuck).
 21303 | Orc:2    | 21303 ||| Stepping randomly (stuck).
 21304 | Orc:2    | 21304 ||| Stepping randomly (stuck).
 21306 | Orc:2    | 21306 ||| Stepping randomly (stuck).
 21308 | Orc:2    | 21308 ||| Stepping randomly (stuck).
 21309 | Orc:2    | 21309 ||| Stepping randomly (stuck).
 21310 | Orc:2    | 21310 ||| Stepping randomly (stuck).
 21312 | Orc:2    | 21312 ||| Stepping randomly (stuck).
 21314 | Orc:2    | 21314 ||| Stepping randomly (stuck).
 21315 | Orc:2    | 21315 ||| Stepping randomly (stuck).
 21316 | Orc:2    | 21316 ||| Stepping randomly (stuck).
 21317 | Orc:2    | 21317 ||| Stepping randomly (stuck).
 21318 | Orc:2    | 21318 ||| Stepping randomly (stuck).
 21319 | Orc:2    | 21319 ||| READING 8 scrolls of teleportation.
 21324 | Orc:2    | 21324 ||| READING 7 scrolls of teleportation.
 21328 | Orc:2    | Found Waqu's Book Shoppe.
 21366 | Orc:1    | 21366 ||| Stepping ~*~*~tactically~*~*~ (stealth).
 21368 | Orc:1    | 21368 ||| INVOKING Heroism.
 21369 | Orc:1    | 21369 ||| INVOKING Finesse.
 21384 | Orc:1    | Received a gift from Okawaru
 21385 | Orc:1    | 21385 ||| Stepping ~*~*~tactically~*~*~ (hiding).
 21405 | Orc:1    | 21405 ||| Stepping ~*~*~tactically~*~*~ (stealth).
 21406 | Orc:1    | 21406 ||| Stepping ~*~*~tactically~*~*~ (stealth).
 21426 | Orc:1    | 21426 ||| Stepping ~*~*~tactically~*~*~ (hiding).
 21436 | Orc:1    | 21436 ||| Stepping ~*~*~tactically~*~*~ (hiding).
 21634 | Orc:2    | 21634 ||| BUYING scroll of enchant armour (105 gold).
 21634 | Orc:2    | Bought a scroll of enchant armour for 105 gold pieces
 21634 | Orc:2    | 21634 ||| BUYING scroll of teleportation (42 gold).
 21634 | Orc:2    | Bought a scroll of teleportation for 42 gold pieces
 21634 | Orc:2    | 21634 ||| READING scroll of enchant armour.
 21634 | Orc:2    | 21634 ||| ENCHANTING +1 cloak.
 21648 | Orc:2    | Reached skill level 15 in Fighting
 21666 | Orc:2    | 21666 ||| BUYING amulet of faith (600 gold).
 21666 | Orc:2    | Bought an amulet of faith for 600 gold pieces
 21666 | Orc:2    | 21666 ||| SHOPLISTING ring "Piaxtago" {rElec rPois EV+5
                  | Dex-2} (750 gold, have 426).
 21666 | Orc:2    | 21666 ||| BUYING ring of fire (375 gold).
 21666 | Orc:2    | Bought a ring of fire for 375 gold pieces
 21666 | Orc:2    | 21666 ||| SHOPLISTING ring of resist corrosion (300 gold,
                  | have 51).
 21714 | Orc:2    | 21714 ||| UPGRADING to amulet of faith.
 21724 | Orc:2    | 21724 ||| UPGRADING to +2 plate armour of fire resistance.
 21770 | Orc:1    | 21770 ||| Stepping ~*~*~tactically~*~*~ (hiding).
 21771 | Orc:1    | 21771 ||| Stepping ~*~*~tactically~*~*~ (hiding).
 21772 | Orc:1    | 21772 ||| Stepping ~*~*~tactically~*~*~ (hiding).
 21840 | Orc:1    | 21840 ||| Stepping ~*~*~tactically~*~*~ (stealth).
 21844 | Orc:1    | 21844 ||| Stepping ~*~*~tactically~*~*~ (stealth).
 22004 | Orc:2    | Found a staircase to the Elven Halls.
 22118 | Orc:2    | 22118 ||| PLANNING SHOALS:1-3
 22282 | Shoals:1 | Entered Level 1 of the Shoals
 22283 | Shoals:1 | 22283 ||| Stepping ~*~*~tactically~*~*~ (hiding).
 22286 | Shoals:1 | 22286 ||| Stepping ~*~*~tactically~*~*~ (hiding).
 22287 | Shoals:1 | 22287 ||| Stepping ~*~*~tactically~*~*~ (stealth).
 22305 | Shoals:1 | Reached skill level 3 in Dodging
 22308 | Shoals:1 | 22308 ||| STAIRDANCE
 22374 | Shoals:1 | 22374 ||| STAIRDANCE
 22413 | Shoals:1 | 22413 ||| Stepping ~*~*~tactically~*~*~ (hiding).
 22439 | Shoals:1 | 22439 ||| Stepping ~*~*~tactically~*~*~ (stealth).
 22441 | Shoals:1 | 22441 ||| Stepping ~*~*~tactically~*~*~ (stealth).
 23040 | Shoals:1 | 23040 ||| Stepping ~*~*~tactically~*~*~ (stealth).
 23043 | Shoals:1 | 23043 ||| Stepping ~*~*~tactically~*~*~ (stealth).
 23192 | Shoals:1 | 23192 ||| Stepping ~*~*~tactically~*~*~ (hiding).
 23195 | Shoals:1 | 23195 ||| INVOKING Heroism.
 23379 | Shoals:1 | 23379 ||| DROPPING ring of see invisible.
 23427 | Shoals:2 | Found Rareby Etex's Armour Emporium.
 23435 | Shoals:2 | 23435 ||| SHOPLISTING +3 plate armour of fire resistance
                  | (675 gold, have 588).
 23471 | Shoals:2 | 23471 ||| Stepping ~*~*~tactically~*~*~ (hiding).
 23472 | Shoals:2 | 23472 ||| Stepping ~*~*~tactically~*~*~ (hiding).
 23473 | Shoals:2 | 23473 ||| Stepping ~*~*~tactically~*~*~ (hiding).
 23474 | Shoals:2 | 23474 ||| Stepping ~*~*~tactically~*~*~ (hiding).
 23475 | Shoals:2 | 23475 ||| Stepping ~*~*~tactically~*~*~ (hiding).
 23476 | Shoals:2 | 23476 ||| Stepping ~*~*~tactically~*~*~ (hiding).
 23478 | Shoals:2 | 23478 ||| Stepping ~*~*~tactically~*~*~ (hiding).
 23484 | Shoals:2 | 23484 ||| INVOKING Heroism.
 23493 | Shoals:2 | HP: 28/113 [satyr/arrow (21)]
 23494 | Shoals:2 | 23494 ||| READING 7 scrolls of teleportation.
 23495 | Shoals:2 | 23495 ||| DRINKING 3 potions of heal wounds.
 23553 | Shoals:2 | 23553 ||| INVOKING Heroism.
 23565 | Shoals:2 | HP: 18/113 [faun/sling bullet[a satyr] (13)]
 23566 | Shoals:2 | Reached skill level 15 in Armour
 23566 | Shoals:2 | 23566 ||| READING 6 scrolls of teleportation.
 23567 | Shoals:2 | 23567 ||| DRINKING 2 potions of heal wounds.
 23597 | Shoals:2 | 23597 ||| INVOKING Heroism.
 23676 | Shoals:2 | 23676 ||| INVOKING Heroism.
 23772 | Shoals:2 | 23772 ||| Stepping ~*~*~tactically~*~*~ (stealth).
 23775 | Shoals:2 | 23775 ||| INVOKING Heroism.
 23778 | Shoals:2 | 23778 ||| Stepping ~*~*~tactically~*~*~ (hiding).
 24143 | Shoals:2 | Found the +9 sword of Power {lifebolt}
 24145 | Shoals:2 | Noticed Polyphemus
 24145 | Shoals:2 | 24145 ||| INVOKING Heroism.
 24146 | Shoals:2 | 24146 ||| INVOKING Finesse.
 24167 | Shoals:2 | Killed Polyphemus
 24221 | Shoals:2 | Received a gift from Okawaru
 24373 | Shoals:2 | 24373 ||| FLEEEEING.
 24374 | Shoals:2 | 24374 ||| FLEEEEING.
 24375 | Shoals:2 | 24375 ||| FLEEEEING.
 24376 | Shoals:2 | 24376 ||| FLEEEEING.
 24377 | Shoals:2 | 24377 ||| FLEEEEING.
 24378 | Shoals:2 | 24378 ||| FLEEEEING.
 24379 | Shoals:2 | 24379 ||| FLEEEEING.
 24380 | Shoals:2 | 24380 ||| FLEEEEING.
 24381 | Shoals:2 | 24381 ||| FLEEEEING.
 24382 | Shoals:2 | 24382 ||| FLEEEEING.
 24383 | Shoals:2 | 24383 ||| FLEEEEING.
 24384 | Shoals:2 | 24384 ||| FLEEEEING.
 24385 | Shoals:2 | 24385 ||| FLEEEEING.
 24386 | Shoals:2 | 24386 ||| FLEEEEING.
 24387 | Shoals:2 | 24387 ||| STAIRDANCE
 24432 | Shoals:2 | 24432 ||| INVOKING Heroism.
 24433 | Shoals:2 | 24433 ||| INVOKING Finesse.
 24441 | Shoals:2 | Reached skill level 9 in Throwing
 24512 | Shoals:2 | 24512 ||| INVOKING Heroism.
 24704 | Shoals:2 | 24704 ||| READING scroll of enchant weapon.
 24704 | Shoals:2 | 24704 ||| ENCHANTING +2 war axe of protection.
 24977 | Shoals:3 | 24977 ||| INVOKING Heroism.
 25005 | Shoals:3 | Identified the +2 war axe of the Vulture {vamp, rPois rC-
                  | Dex-5 SInv}
 25007 | Shoals:3 | 25007 ||| SWAPPING to +2 war axe of the Vulture {vamp,
                  | rPois rC- Dex-5 SInv}.
 25171 | Shoals:3 | 25171 ||| INVOKING Heroism.
 25172 | Shoals:3 | 25172 ||| INVOKING Finesse.
 25223 | Shoals:3 | Received a gift from Okawaru
 25283 | Shoals:3 | 25283 ||| Stepping ~*~*~tactically~*~*~ (hiding).
 25286 | Shoals:3 | 25286 ||| Stepping ~*~*~tactically~*~*~ (stealth).
 25293 | Shoals:3 | 25293 ||| INVOKING Heroism.
 25429 | Shoals:3 | Identified the +0 buckler of Covud {+Inv rN+ Int-5 Dex+4}
 25451 | Shoals:3 | Received a gift from Okawaru
 25493 | Shoals:3 | Identified the +10 hand axe of the Shore {heavy, Will+
                  | MP+9}
 25565 | Shoals:3 | 25565 ||| Stepping ~*~*~tactically~*~*~ (hiding).
 25810 | Shoals:3 | 25810 ||| PLANNING SNAKE:1-3
 25810 | Shoals:3 | 25810 ||| UPGRADING to +0 buckler of Covud {+Inv rN+ Int-5
                  | Dex+4}.
 25820 | Shoals:3 | 25820 ||| DROPPING +0 buckler.
 25950 | Snake:1  | Entered Level 1 of the Snake Pit
 26123 | Snake:1  | 26123 ||| Stepping ~*~*~tactically~*~*~ (hiding).
 26140 | Snake:1  | 26140 ||| Stepping ~*~*~tactically~*~*~ (hiding).
 26144 | Snake:1  | 26144 ||| Stepping ~*~*~tactically~*~*~ (hiding).
 26470 | Snake:1  | 26470 ||| INVOKING Heroism.
 26495 | Snake:1  | Reached XP level 18. HP: 121/121 MP: 25/25
 26495 | Snake:1  | 26495 ||| DROPPING +2 heavy morningstar.
 26506 | Snake:1  | 26506 ||| Stepping ~*~*~tactically~*~*~ (stealth).
 26509 | Snake:1  | 26509 ||| Stepping ~*~*~tactically~*~*~ (stealth).
 26511 | Snake:1  | 26511 ||| Stepping ~*~*~tactically~*~*~ (stealth).
 26513 | Snake:1  | 26513 ||| Stepping ~*~*~tactically~*~*~ (hiding).
 26599 | Snake:1  | 26599 ||| Stepping ~*~*~tactically~*~*~ (hiding).
 26728 | Snake:1  | Found a runed translucent gate.
 26728 | Snake:1  | Found a runed translucent gate.
 26728 | Snake:1  | Found a runed translucent gate.
 26728 | Snake:1  | Noticed qw's ghost (adept GrFi)
 26850 | Snake:2  | 26850 ||| Stepping ~*~*~tactically~*~*~ (hiding).
 26851 | Snake:2  | 26851 ||| Stepping ~*~*~tactically~*~*~ (hiding).
 26852 | Snake:2  | 26852 ||| INVOKING Heroism.
 26854 | Snake:2  | 26854 ||| Stepping ~*~*~tactically~*~*~ (hiding).
 27051 | Snake:2  | 27051 ||| Stepping ~*~*~tactically~*~*~ (stealth).
 27057 | Snake:2  | 27057 ||| Stepping ~*~*~tactically~*~*~ (hiding).
 27161 | Snake:2  | 27161 ||| INVOKING Heroism.
 28114 | Snake:3  | 28114 ||| Stepping ~*~*~tactically~*~*~ (hiding).
 28130 | Snake:3  | 28130 ||| Stepping ~*~*~tactically~*~*~ (hiding).
 28133 | Snake:3  | 28133 ||| INVOKING Heroism.
 28153 | Snake:3  | Received a gift from Okawaru
 28238 | Snake:3  | 28238 ||| Stepping ~*~*~tactically~*~*~ (stealth).
 28261 | Snake:3  | 28261 ||| INVOKING Heroism.
 28298 | Snake:3  | Received a gift from Okawaru
 28417 | Snake:3  | Reached ****** piety under Okawaru
 28441 | Snake:3  | Received a gift from Okawaru
 28579 | Snake:3  | 28579 ||| Stepping ~*~*~tactically~*~*~ (hiding).
 28673 | Snake:3  | Identified the +8 plate armour "Lebeush" {Dex+3} (Okawaru
                  | gifted it to you on level 3 of the Snake Pit)
 28673 | Snake:3  | Received a gift from Okawaru
 29073 | Snake:3  | 29073 ||| Stepping ~*~*~tactically~*~*~ (hiding).
 29074 | Snake:3  | 29074 ||| Stepping ~*~*~tactically~*~*~ (hiding).
 29580 | Snake:3  | 29580 ||| PLANNING SHOALS:4
 29580 | Snake:3  | 29580 ||| UPGRADING to +8 plate armour "Lebeush" {Dex+3}.
 29590 | Snake:3  | 29590 ||| DROPPING +4 plate armour of poison resistance.
 29591 | Snake:3  | 29591 ||| DROPPING +2 plate armour of fire resistance.
 29771 | Shoals:4 | Entered Level 4 of the Shoals
 29794 | Shoals:4 | 29794 ||| INVOKING Heroism.
 29833 | Shoals:4 | 29833 ||| Stepping ~*~*~tactically~*~*~ (hiding).
 29927 | Shoals:4 | Identified the ring of the Shining Light {Ice rPois rN+
                  | Int-4 Dex+3}
 30066 | Shoals:4 | 30066 ||| Stepping ~*~*~tactically~*~*~ (hiding).
 30068 | Shoals:4 | 30068 ||| Stepping ~*~*~tactically~*~*~ (hiding).
 30090 | Shoals:4 | 30090 ||| Stepping ~*~*~tactically~*~*~ (hiding).
 30092 | Shoals:4 | 30092 ||| INVOKING Heroism.
 30096 | Shoals:4 | 30096 ||| Stepping ~*~*~tactically~*~*~ (hiding).
 30139 | Shoals:4 | 30139 ||| Stepping ~*~*~tactically~*~*~ (hiding).
 30140 | Shoals:4 | 30140 ||| Stepping ~*~*~tactically~*~*~ (hiding).
 30160 | Shoals:4 | 30160 ||| Stepping ~*~*~tactically~*~*~ (stealth).
 30267 | Shoals:4 | 30267 ||| Stepping ~*~*~tactically~*~*~ (hiding).
 30272 | Shoals:4 | 30272 ||| INVOKING Heroism.
 30293 | Shoals:4 | 30293 ||| INVOKING Heroism.
 30333 | Shoals:4 | 30333 ||| Stepping ~*~*~tactically~*~*~ (stealth).
 30375 | Shoals:4 | 30375 ||| INVOKING Heroism.
 30485 | Shoals:4 | 30485 ||| Stepping ~*~*~tactically~*~*~ (hiding).
 30487 | Shoals:4 | 30487 ||| Stepping ~*~*~tactically~*~*~ (hiding).
 30578 | Shoals:4 | 30578 ||| INVOKING Heroism.
 30579 | Shoals:4 | 30579 ||| INVOKING Finesse.
 30622 | Shoals:4 | Reached skill level 18 in Fighting
 30691 | Shoals:4 | Got a barnacled rune of Zot
 30996 | Shoals:4 | 30996 ||| PLANNING VAULTS:1-4
 30996 | Shoals:4 | 30996 ||| DROPPING +1 pair of boots.
 31299 | Vaults:1 | Entered Level 1 of the Vaults
 31310 | Vaults:1 | 31310 ||| STAIRDANCE
 31316 | D:14     | Received a gift from Okawaru
 31359 | Vaults:1 | 31359 ||| Stepping ~*~*~tactically~*~*~ (hiding).
 31403 | Vaults:1 | Reached XP level 19. HP: 114/130 MP: 26/26
 31474 | Vaults:1 | 31474 ||| INVOKING Finesse.
 31630 | Vaults:1 | 31630 ||| Stepping ~*~*~tactically~*~*~ (hiding).
 31631 | Vaults:1 | 31631 ||| Stepping ~*~*~tactically~*~*~ (hiding).
 31659 | Vaults:1 | Received a gift from Okawaru
 31921 | Vaults:1 | 31921 ||| Stepping ~*~*~tactically~*~*~ (hiding).
 31922 | Vaults:1 | 31922 ||| Stepping ~*~*~tactically~*~*~ (hiding).
 31945 | Vaults:1 | 31945 ||| INVOKING Heroism.
 31946 | Vaults:1 | 31946 ||| INVOKING Finesse.
 31984 | Vaults:1 | Reached skill level 18 in Armour
 32117 | Vaults:1 | 32117 ||| INVOKING Heroism.
 32118 | Vaults:1 | 32118 ||| INVOKING Finesse.
 32236 | Abyss:2  | Cast into level 2 of the Abyss (a wizard)
 32303 | Abyss:2  | 32303 ||| Stepping ~*~*~tactically~*~*~ (stealth).
 32310 | Abyss:2  | 32310 ||| Stepping ~*~*~tactically~*~*~ (hiding).
 32324 | Abyss:2  | Reached skill level 6 in Dodging
 32327 | Abyss:2  | 32327 ||| Stepping ~*~*~tactically~*~*~ (stealth).
 32328 | Abyss:2  | 32328 ||| Stepping ~*~*~tactically~*~*~ (stealth).
 32332 | Abyss:2  | 32332 ||| Stepping ~*~*~tactically~*~*~ (stealth).
 32370 | Abyss:2  | 32370 ||| Stepping ~*~*~tactically~*~*~ (stealth).
 32416 | Abyss:2  | 32416 ||| Stepping ~*~*~tactically~*~*~ (stealth).
 32432 | Abyss:2  | Found a corrupted altar of Lugonu.
 32485 | Abyss:2  | 32485 ||| Stepping ~*~*~tactically~*~*~ (stealth).
 32486 | Abyss:2  | 32486 ||| Stepping ~*~*~tactically~*~*~ (stealth).
 32499 | Abyss:2  | Found a corrupted altar of Lugonu.
 32512 | Abyss:2  | 32512 ||| INVOKING Heroism.
 32529 | Abyss:2  | Noticed a hellephant
 32530 | Abyss:2  | 32530 ||| DRINKING 3 potions of resistance.
 32548 | Abyss:2  | HP: 28/117 [hellephant (20)]
 32549 | Abyss:2  | 32549 ||| READING 9 scrolls of teleportation.
 32550 | Abyss:2  | 32550 ||| DRINKING 2 potions of heal wounds.
 32553 | Abyss:2  | 32553 ||| INVOKING Heroism.
 32776 | Abyss:2  | 32776 ||| Stepping ~*~*~tactically~*~*~ (stealth).
 32778 | Abyss:2  | 32778 ||| Stepping ~*~*~tactically~*~*~ (stealth).
 32885 | Abyss:2  | 32885 ||| Stepping ~*~*~tactically~*~*~ (stealth).
 32905 | Abyss:2  | Received a gift from Okawaru
 32928 | Abyss:2  | 32928 ||| Stepping ~*~*~tactically~*~*~ (stealth).
 32940 | Abyss:2  | 32940 ||| Stepping ~*~*~tactically~*~*~ (stealth).
 32943 | Abyss:2  | 32943 ||| Stepping ~*~*~tactically~*~*~ (stealth).
 32946 | Abyss:2  | 32946 ||| Stepping ~*~*~tactically~*~*~ (stealth).
 32975 | Abyss:2  | 32975 ||| Stepping ~*~*~tactically~*~*~ (hiding).
 32981 | Abyss:2  | 32981 ||| DRINKING 13 potions of curing.
 32981 | Abyss:2  | 32981 ||| (to cure confusion)
 32989 | Abyss:2  | 32989 ||| INVOKING Heroism.
 32990 | Abyss:2  | Received a gift from Okawaru
 33018 | Abyss:2  | 33018 ||| Stepping ~*~*~tactically~*~*~ (stealth).
 33019 | Abyss:2  | 33019 ||| Stepping ~*~*~tactically~*~*~ (stealth).
 33020 | Abyss:2  | 33020 ||| Stepping ~*~*~tactically~*~*~ (stealth).
 33029 | Abyss:2  | 33029 ||| Stepping ~*~*~tactically~*~*~ (stealth).
 33038 | Abyss:2  | 33038 ||| Stepping ~*~*~tactically~*~*~ (stealth).
 33040 | Abyss:2  | 33040 ||| Stepping ~*~*~tactically~*~*~ (stealth).
 33043 | Abyss:2  | 33043 ||| Stepping ~*~*~tactically~*~*~ (hiding).
 33083 | Abyss:2  | 33083 ||| Stepping ~*~*~tactically~*~*~ (hiding).
 33084 | Abyss:2  | 33084 ||| Stepping ~*~*~tactically~*~*~ (hiding).
 33087 | Abyss:2  | 33087 ||| Stepping ~*~*~tactically~*~*~ (hiding).
 33088 | Abyss:2  | 33088 ||| Stepping ~*~*~tactically~*~*~ (hiding).
 33089 | Abyss:2  | 33089 ||| Stepping ~*~*~tactically~*~*~ (hiding).
 33132 | Abyss:2  | 33132 ||| Stepping ~*~*~tactically~*~*~ (stealth).
 33161 | Abyss:2  | Lost intelligence.
 33170 | Abyss:2  | Received a gift from Okawaru
 33200 | Abyss:2  | 33200 ||| Stepping ~*~*~tactically~*~*~ (stealth).
 33202 | Abyss:2  | 33202 ||| Stepping ~*~*~tactically~*~*~ (hiding).
 33231 | Abyss:2  | 33231 ||| Stepping ~*~*~tactically~*~*~ (hiding).
 33236 | Abyss:2  | 33236 ||| INVOKING Heroism.
 33269 | Abyss:2  | 33269 ||| INVOKING Heroism.
 33278 | Abyss:2  | 33278 ||| Stepping ~*~*~tactically~*~*~ (stealth).
 33316 | Abyss:2  | 33316 ||| INVOKING Heroism.
 33328 | Vaults:1 | Escaped the Abyss
 33380 | Vaults:1 | 33380 ||| INVOKING Heroism.
 33664 | Vaults:1 | Found Wearimap's Weapon Shop.
 33796 | Vaults:1 | 33796 ||| DROPPING +2 helmet.
 34092 | Vaults:2 | 34092 ||| DROPPING +3 war axe of protection.
 34207 | Vaults:2 | Identified the +6 war axe of the Mauling Gods {protect,
                  | Str+3} (Okawaru gifted it to you on level 2 of the Vaults)
 34207 | Vaults:2 | Received a gift from Okawaru
 34220 | Vaults:2 | 34220 ||| DROPPING +0 broad axe.
 34222 | Vaults:2 | You are sucked into a shaft and drop 1 floor!
 34226 | Vaults:3 | 34226 ||| Stepping ~*~*~tactically~*~*~ (hiding).
 34227 | Vaults:3 | 34227 ||| INVOKING Heroism.
 34228 | Vaults:3 | 34228 ||| INVOKING Finesse.
 34390 | Vaults:3 | 34390 ||| Stepping ~*~*~tactically~*~*~ (hiding).
 34502 | Vaults:2 | 34502 ||| FLEEEEING.
 34503 | Vaults:2 | 34503 ||| FLEEEEING.
 34505 | Vaults:2 | 34505 ||| FLEEEEING.
 34507 | Vaults:2 | 34507 ||| FLEEEEING.
 34508 | Vaults:2 | 34508 ||| FLEEEEING.
 34509 | Vaults:2 | 34509 ||| FLEEEEING.
 34510 | Vaults:2 | 34510 ||| FLEEEEING.
 34513 | Vaults:2 | 34513 ||| FLEEEEING.
 34514 | Vaults:2 | 34514 ||| FLEEEEING.
 34515 | Vaults:2 | 34515 ||| FLEEEEING.
 34516 | Vaults:2 | 34516 ||| FLEEEEING.
 34527 | Vaults:2 | 34527 ||| FLEEEEING.
 34528 | Vaults:2 | 34528 ||| FLEEEEING.
 34529 | Vaults:2 | 34529 ||| FLEEEEING.
 34530 | Vaults:2 | 34530 ||| FLEEEEING.
 34531 | Vaults:2 | 34531 ||| FLEEEEING.
 34532 | Vaults:2 | 34532 ||| FLEEEEING.
 34533 | Vaults:2 | 34533 ||| FLEEEEING.
 34534 | Vaults:2 | 34534 ||| FLEEEEING.
 34535 | Vaults:2 | 34535 ||| FLEEEEING.
 34536 | Vaults:2 | 34536 ||| FLEEEEING.
 34537 | Vaults:2 | 34537 ||| FLEEEEING.
 34542 | Vaults:2 | 34542 ||| FLEEEEING.
 34803 | Vaults:2 | 34803 ||| Stepping ~*~*~tactically~*~*~ (hiding).
 34811 | Vaults:2 | Reached skill level 12 in Shields
 34843 | Vaults:2 | 34843 ||| FLEEEEING.
 34844 | Vaults:2 | 34844 ||| FLEEEEING.
 34845 | Vaults:2 | 34845 ||| FLEEEEING.
 34847 | Vaults:2 | 34847 ||| FLEEEEING.
 34854 | Vaults:2 | 34854 ||| STAIRDANCE
 35031 | Vaults:2 | 35031 ||| INVOKING Heroism.
 35032 | Vaults:2 | 35032 ||| INVOKING Finesse.
 35216 | Vaults:2 | Identified the staff of earth "Roif" {Int+2 Dex+4}
 35279 | Vaults:2 | Received a gift from Okawaru
 35351 | Vaults:2 | 35351 ||| Stepping ~*~*~tactically~*~*~ (stealth).
 35415 | Vaults:2 | 35415 ||| Stepping ~*~*~tactically~*~*~ (hiding).
 35416 | Vaults:2 | 35416 ||| Stepping ~*~*~tactically~*~*~ (hiding).
 35450 | Vaults:2 | Reached XP level 20. HP: 139/139 MP: 27/27
 35479 | Vaults:2 | 35479 ||| Stepping ~*~*~tactically~*~*~ (hiding).
 35480 | Vaults:2 | 35480 ||| Stepping ~*~*~tactically~*~*~ (hiding).
 35481 | Vaults:2 | 35481 ||| Stepping ~*~*~tactically~*~*~ (hiding).
 35482 | Vaults:2 | 35482 ||| Stepping ~*~*~tactically~*~*~ (hiding).
 35483 | Vaults:2 | 35483 ||| Stepping ~*~*~tactically~*~*~ (hiding).
 35484 | Vaults:2 | 35484 ||| Stepping ~*~*~tactically~*~*~ (hiding).
 35496 | Vaults:2 | 35496 ||| Stepping ~*~*~tactically~*~*~ (hiding).
 35572 | Vaults:2 | Found Axocwick's Distillery.
 35581 | Vaults:2 | 35581 ||| BUYING potion of curing (57 gold).
 35581 | Vaults:2 | Bought a potion of curing for 57 gold pieces
 35581 | Vaults:2 | 35581 ||| BUYING potion of curing (57 gold).
 35581 | Vaults:2 | Bought a potion of curing for 57 gold pieces
 35581 | Vaults:2 | 35581 ||| BUYING potion of haste (190 gold).
 35581 | Vaults:2 | Bought a potion of haste for 190 gold pieces
 35581 | Vaults:2 | 35581 ||| BUYING potion of magic (152 gold).
 35581 | Vaults:2 | Bought a potion of magic for 152 gold pieces
 35581 | Vaults:2 | 35581 ||| BUYING potion of might (76 gold).
 35581 | Vaults:2 | Bought a potion of might for 76 gold pieces
 35581 | Vaults:2 | 35581 ||| BUYING potion of resistance (190 gold).
 35581 | Vaults:2 | Bought a potion of resistance for 190 gold pieces
 35581 | Vaults:2 | 35581 ||| BUYING potion of resistance (190 gold).
 35581 | Vaults:2 | Bought a potion of resistance for 190 gold pieces
 35588 | Vaults:2 | 35588 ||| Stepping ~*~*~tactically~*~*~ (hiding).
 35589 | Vaults:2 | 35589 ||| Stepping ~*~*~tactically~*~*~ (hiding).
 35590 | Vaults:2 | 35590 ||| Stepping ~*~*~tactically~*~*~ (hiding).
 35709 | Vaults:2 | Received a gift from Okawaru
 35795 | Vaults:2 | 35795 ||| Stepping ~*~*~tactically~*~*~ (stealth).
 35802 | Vaults:2 | 35802 ||| INVOKING Heroism.
 35836 | Vaults:2 | Found Efagg's Armour Emporium.
 36009 | Vaults:3 | Received a gift from Okawaru
 36019 | Vaults:3 | 36019 ||| INVOKING Heroism.
 36020 | Vaults:3 | 36020 ||| INVOKING Finesse.
 36300 | Vaults:3 | 36300 ||| Stepping ~*~*~tactically~*~*~ (stealth).
 36302 | Vaults:3 | 36302 ||| Stepping ~*~*~tactically~*~*~ (stealth).
 36413 | Vaults:3 | 36413 ||| Stepping ~*~*~tactically~*~*~ (hiding).
 36414 | Vaults:3 | 36414 ||| Stepping ~*~*~tactically~*~*~ (hiding).
 36416 | Vaults:3 | 36416 ||| Stepping ~*~*~tactically~*~*~ (hiding).
 36431 | Vaults:3 | 36431 ||| Stepping ~*~*~tactically~*~*~ (stealth).
 36477 | Vaults:3 | Identified the +6 great sword "Bejaos" {holy, Str+4}
 36478 | Vaults:3 | 36478 ||| FLEEEEING.
 36479 | Vaults:3 | 36479 ||| FLEEEEING.
 36480 | Vaults:3 | 36480 ||| FLEEEEING.
 36481 | Vaults:3 | 36481 ||| FLEEEEING.
 36482 | Vaults:3 | 36482 ||| FLEEEEING.
 36483 | Vaults:3 | 36483 ||| FLEEEEING.
 36484 | Vaults:3 | 36484 ||| FLEEEEING.
 36485 | Vaults:3 | 36485 ||| FLEEEEING.
 36486 | Vaults:3 | 36486 ||| FLEEEEING.
 36487 | Vaults:3 | 36487 ||| FLEEEEING.
 36488 | Vaults:3 | 36488 ||| FLEEEEING.
 36489 | Vaults:3 | 36489 ||| FLEEEEING.
 36490 | Vaults:3 | 36490 ||| FLEEEEING.
 36491 | Vaults:3 | 36491 ||| FLEEEEING.
 36519 | Vaults:3 | 36519 ||| Stepping ~*~*~tactically~*~*~ (hiding).
 36536 | Vaults:3 | Received a gift from Okawaru
 36861 | Vaults:3 | 36861 ||| INVOKING Heroism.
 36864 | Vaults:3 | Received a gift from Okawaru
 36865 | Vaults:3 | 36865 ||| INVOKING Finesse.
 36866 | Vaults:3 | 36866 ||| Stepping ~*~*~tactically~*~*~ (hiding).
 36913 | Vaults:3 | 36913 ||| DROPPING +2 broad axe of distortion.
 37003 | Vaults:3 | 37003 ||| INVOKING Heroism.
 37223 | Vaults:3 | Found a transporter.
 37273 | Vaults:3 | Found a transporter.
 37329 | Vaults:3 | 37329 ||| Stepping ~*~*~tactically~*~*~ (hiding).
 37846 | Vaults:3 | Found a staircase to the Crypt.
 37974 | Vaults:3 | 37974 ||| Stepping ~*~*~tactically~*~*~ (stealth).
 37977 | Vaults:3 | 37977 ||| Stepping ~*~*~tactically~*~*~ (stealth).
 38005 | Vaults:3 | Received a gift from Okawaru
 38023 | Vaults:3 | 38023 ||| Stepping ~*~*~tactically~*~*~ (hiding).
 38024 | Vaults:3 | 38024 ||| Stepping ~*~*~tactically~*~*~ (hiding).
 38046 | Vaults:3 | 38046 ||| Stepping ~*~*~tactically~*~*~ (hiding).
 38049 | Vaults:3 | 38049 ||| Stepping ~*~*~tactically~*~*~ (hiding).
 38050 | Vaults:3 | 38050 ||| Stepping ~*~*~tactically~*~*~ (hiding).
 38055 | Vaults:3 | 38055 ||| INVOKING Heroism.
 38386 | Vaults:3 | 38386 ||| DROPPING +4 ring of slaying {mikee}.
 38419 | Vaults:4 | 38419 ||| Stepping ~*~*~tactically~*~*~ (stealth).
 38421 | Vaults:4 | 38421 ||| Stepping ~*~*~tactically~*~*~ (stealth).
 38423 | Vaults:4 | 38423 ||| Stepping ~*~*~tactically~*~*~ (hiding).
 38454 | Vaults:4 | 38454 ||| INVOKING Heroism.
 38463 | Vaults:4 | Received a gift from Okawaru
 38640 | Vaults:4 | Reached skill level 21 in Fighting
 38721 | Vaults:4 | Received a gift from Okawaru
 38724 | Vaults:4 | Reached XP level 21. HP: 148/148 MP: 28/28
 38724 | Vaults:4 | 38724 ||| FLEEEEING.
 38725 | Vaults:4 | 38725 ||| FLEEEEING.
 38783 | Vaults:4 | 38783 ||| Stepping ~*~*~tactically~*~*~ (stealth).
 38837 | Vaults:4 | 38837 ||| Stepping ~*~*~tactically~*~*~ (stealth).
 38838 | Vaults:4 | 38838 ||| Stepping ~*~*~tactically~*~*~ (stealth).
 38839 | Vaults:4 | 38839 ||| Stepping ~*~*~tactically~*~*~ (stealth).
 38848 | Vaults:4 | 38848 ||| Stepping ~*~*~tactically~*~*~ (hiding).
 38884 | Vaults:4 | 38884 ||| Stepping ~*~*~tactically~*~*~ (hiding).
 38907 | Vaults:4 | Received a gift from Okawaru
 39182 | Vaults:4 | 39182 ||| INVOKING Heroism.
 39193 | Vaults:4 | 39193 ||| INVOKING Finesse.
 39210 | Vaults:4 | Received a gift from Okawaru
 39237 | Vaults:4 | Reached skill level 12 in Throwing
 39244 | Vaults:4 | Received a gift from Okawaru
 39271 | Vaults:4 | 39271 ||| INVOKING Finesse.
 39292 | Vaults:4 | Received a gift from Okawaru
 39303 | Vaults:4 | 39303 ||| INVOKING Heroism.
 39312 | Vaults:4 | Received a gift from Okawaru
 39454 | Vaults:4 | 39454 ||| Stepping ~*~*~tactically~*~*~ (stealth).
 39456 | Vaults:4 | 39456 ||| Stepping ~*~*~tactically~*~*~ (stealth).
 39506 | Vaults:4 | Paralysed by a great orb of eyes for 4 turns
 40087 | Abyss:2  | Cast into level 2 of the Abyss (a wizard)
 40111 | Abyss:2  | 40111 ||| Stepping ~*~*~tactically~*~*~ (stealth).
 40151 | Abyss:2  | 40151 ||| Stepping ~*~*~tactically~*~*~ (hiding).
 40236 | Abyss:2  | 40236 ||| Stepping ~*~*~tactically~*~*~ (stealth).
 40239 | Abyss:2  | 40239 ||| Stepping ~*~*~tactically~*~*~ (stealth).
 40246 | Abyss:2  | Paralysed by accursed screaming for 1 turns
 40264 | Abyss:2  | Reached skill level 21 in Armour
 40304 | Abyss:2  | 40304 ||| Stepping ~*~*~tactically~*~*~ (stealth).
 40309 | Abyss:2  | 40309 ||| Stepping ~*~*~tactically~*~*~ (stealth).
 40314 | Abyss:2  | 40314 ||| Stepping ~*~*~tactically~*~*~ (stealth).
 40334 | Abyss:2  | 40334 ||| Stepping ~*~*~tactically~*~*~ (stealth).
 40341 | Abyss:2  | 40341 ||| Stepping ~*~*~tactically~*~*~ (stealth).
 40343 | Abyss:2  | 40343 ||| Stepping ~*~*~tactically~*~*~ (stealth).
 40344 | Abyss:2  | 40344 ||| Stepping ~*~*~tactically~*~*~ (stealth).
 40346 | Abyss:2  | 40346 ||| Stepping ~*~*~tactically~*~*~ (hiding).
 40347 | Abyss:2  | 40347 ||| Stepping ~*~*~tactically~*~*~ (hiding).
 40348 | Abyss:2  | 40348 ||| Stepping ~*~*~tactically~*~*~ (hiding).
 40360 | Abyss:2  | 40360 ||| Stepping ~*~*~tactically~*~*~ (stealth).
 40416 | Abyss:2  | 40416 ||| Stepping ~*~*~tactically~*~*~ (stealth).
 40430 | Abyss:2  | 40430 ||| Stepping ~*~*~tactically~*~*~ (stealth).
 40435 | Abyss:2  | 40435 ||| Stepping ~*~*~tactically~*~*~ (stealth).
 40444 | Abyss:2  | 40444 ||| Stepping ~*~*~tactically~*~*~ (stealth).
 40466 | Abyss:2  | 40466 ||| Stepping ~*~*~tactically~*~*~ (stealth).
 40467 | Abyss:2  | 40467 ||| Stepping ~*~*~tactically~*~*~ (stealth).
 40468 | Abyss:2  | 40468 ||| INVOKING Heroism.
 40469 | Abyss:2  | 40469 ||| INVOKING Finesse.
 40474 | Abyss:2  | 40474 ||| DRINKING 15 potions of curing.
 40474 | Abyss:2  | 40474 ||| (to cure confusion)
 40475 | Abyss:2  | 40475 ||| DRINKING 14 potions of curing.
 40475 | Abyss:2  | 40475 ||| (to cure confusion)
 40476 | Abyss:2  | 40476 ||| DRINKING 13 potions of curing.
 40476 | Abyss:2  | 40476 ||| (to cure confusion)
 40478 | Abyss:2  | Paralysed by accursed screaming for 1 turns
 40481 | Vaults:4 | Escaped the Abyss
 40561 | Vaults:5 | Entered Level 5 of the Vaults
 40561 | Vaults:5 | Noticed Mara
 40562 | Vaults:5 | 40562 ||| INVOKING Heroism.
 40562 | Vaults:5 | Noticed Sojobo
 40563 | Vaults:5 | 40563 ||| INVOKING Finesse.
 40570 | Vaults:5 | Noticed qw's illusion
 40577 | Vaults:5 | Received a gift from Okawaru
 40597 | Vaults:5 | Received a gift from Okawaru
 40609 | Vaults:5 | Paralysed by an air elemental for 1 turns
 40627 | Vaults:5 | Noticed Saint Roka
 40630 | Vaults:5 | 40630 ||| INVOKING Finesse.
 40630 | Vaults:5 | HP: 33/149 [Mara/bolt of fire (24)]
 40631 | Vaults:5 | 40631 ||| READING 10 scrolls of teleportation.
 40631 | Vaults:5 | Paralysed by an air elemental for 1 turns
 40632 | Vaults:5 | 40632 ||| DRINKING 3 potions of heal wounds.
 40656 | Vaults:5 | 40656 ||| Stepping ~*~*~tactically~*~*~ (hiding).
 40664 | Vaults:5 | 40664 ||| INVOKING Heroism.
 40691 | Vaults:5 | 40691 ||| INVOKING Finesse.
 40704 | Vaults:5 | Received a gift from Okawaru
 40713 | Vaults:5 | 40713 ||| DRINKING 2 potions of cancellation.
 40753 | Vaults:5 | HP: 36/145 [deep elf high priest/divine providence (10)]
 40754 | Vaults:5 | 40754 ||| READING 9 scrolls of teleportation.
 40754 | Vaults:5 | HP: 14/145 [Saint Roka/divine providence (9)]
 40755 | Vaults:5 | 40755 ||| DRINKING 2 potions of heal wounds.
 40763 | Vaults:5 | Reached XP level 22. HP: 52/152 MP: 27/29
 40778 | Vaults:5 | 40778 ||| INVOKING Heroism.
 40784 | Vaults:5 | 40784 ||| INVOKING Finesse.
 40794 | Vaults:5 | Received a gift from Okawaru
 40834 | Vaults:5 | Noticed Margery
 40835 | Vaults:5 | 40835 ||| DRINKING 4 potions of resistance.
 40852 | Vaults:5 | Noticed a golden dragon
 40872 | Vaults:5 | Killed Margery
 40880 | Vaults:5 | Killed a golden dragon
 40894 | Vaults:5 | Killed the ghostly Margery
 40900 | Vaults:5 | 40900 ||| INVOKING Finesse.
 40912 | Vaults:5 | Received a gift from Okawaru
 40917 | Vaults:5 | 40917 ||| INVOKING Heroism.
 40942 | Vaults:5 | Paralysed by an air elemental for 1 turns
 40954 | Vaults:5 | Killed Sojobo
 40964 | Vaults:5 | Received a gift from Okawaru
 41004 | Vaults:5 | 41004 ||| INVOKING Finesse.
 41057 | Vaults:5 | 41057 ||| INVOKING Heroism.
 41061 | Vaults:5 | HP: 36/156 [vault guard/+4 glaive (5)]
 41062 | Vaults:5 | 41062 ||| READING 8 scrolls of teleportation.
 41063 | Vaults:5 | 41063 ||| DRINKING potion of heal wounds.
 41085 | Vaults:5 | HP: 25/156 [vault warden/+1 heavy battleaxe (47)]
 41086 | Vaults:5 | 41086 ||| READING 7 scrolls of teleportation.
 41107 | Vaults:5 | 41107 ||| INVOKING Heroism.
 41120 | Vaults:5 | Noticed an ancient lich
 41132 | Vaults:5 | 41132 ||| INVOKING Finesse.
 41154 | Vaults:5 | HP: 22/156 [ancient lich/crystal spear (41)]
 41154 | Vaults:5 | Slain by Saint Roka

Levels and vault maps discovered:
D:1:      arrival_zaba_pyramid, layout_loops_ring,
          dreamdust_ecumenical_altar_angels_and_demons
D:2:      layout_basic, basic_altar, kennysheep_nub
D:3:      layout_loops_cross, nicolae_ru_the_path_less_chosen,
          okawaru_altar_gauntlet_db, serial_shops,
          nicolae_shop_tiny_statue_garden
D:4:      layout_loops_ring, kiku_gazebo_garden_becter, grunt_decor_one_mirror
D:5:      minmay_spotlight, layout_rooms,
          mainiacjoe_overflow_concentric_impassable,
          mainiacjoe_overflow_alcove_1, uniq_pikel, uniq_menkaure, uniq_edmund,
          uniq_eustachio
D:6:      minmay_clustersquares, layout_loops_ring,
          minmay_temple_entry_butterflies, hangedman_decor_points
D:7:      layout_loops_ring, mainiacjoe_overflow_catwalk,
          mainiacjoe_overflow_chevrons, nicolae_overflow_squiral,
          minmay_fractal_squares_diagonal_5
D:8:      layout_rooms, kennysheep_mini_moat
D:9:      layout_stronghold, kennysheep_ying_yang,
          mainiacjoe_overflow_surrounded_room, lemuel_coloured_pillars_altar,
          due_lair_maze_entry_diamond, serial_shops, shop
D:10:     layout_loops_ring, lemuel_tele_altar, erik_orc_4, serial_shops,
          nicolae_shop_trees, kennysheep_decorative_pillar
D:11:     layout_roguey
D:12:     layout_loops_ring, uniq_frances
D:13:     layout_cave_pods, gauntlet_entry_generic
D:14:     layout_loops_ring, erik_vaults_1, doesnt_xom_only_xom, serial_shops,
          nicolae_shop_waterfront, roderic_lattice_a
D:15:     hangedman_depths_entry_try_elsewhere_first, layout_small_grid,
          old_standard_altar
Lair:1:   layout_cave_pods, uniq_erica
Lair:2:   layout_layer_cave, shoals_dummy_entry,
          minmay_snake_entry_guardpost_small, uniq_harold, uniq_nergalle,
          uniq_gastronok
Lair:3:   layout_gridlike, chequers_serial_rivers_large_b, grunt_megastairs_3
Lair:4:   layout_misc_corridors, slime_entry_1, grunt_megastairs_5,
          infiniplex_staircase_pool_2
Lair:5:   hellmonk_lair_end_abyssal_woods, layout_gridlike, serial_bayou_shore_a
Shoals:1: layout_shoals, nicolae_shoals_aquamancer_cove
Shoals:2: layout_shoals, nicolae_stop_n_shop_1, uniq_polyphemus
Shoals:3: layout_shoals
Shoals:4: shoals_end_grunt_ice, layout_shoals,
          nicolae_shoals_kraken_intersection
Snake:1:  layout_basic, ebering_ghost_rock_garden, st_stairs_5,
          nicolae_snake_slithery_hallway
Snake:2:  layout_chambers
Snake:3:  layout_chambers, drop_trap, lemuel_fruit_tree
Orc:1:    layout_diamond_mine
Orc:2:    st_orc_open, layout_caves, serial_shops,
          nicolae_shop_tiny_statue_garden, uniq_erolcha
Vaults:1: nicolae_vaults_apartment_1, nicolae_vaults_turnstiles,
          grunt_vaults_swirl, nicolae_vaults_know_your_exits,
          nicolae_vaults_tetromino_Z_1, vaults_mumra_minichess,
          hangedman_vaults_impose, nicolae_vaults_frosty_reception,
          hangedman_vaults_stretched_pinwheel, hangedman_vaults_nails,
          layout_vaults_quadrants, serial_shops, shop
Vaults:2: nicolae_vaults_gold_heap, nicolae_vaults_off_center_swirl,
          v_alt_pattern_4, nicolae_vaults_tetromino_T_2,
          nicolae_vaults_trapezoid_layered, nicolae_vaults_little_squares_4,
          nicolae_vaults_taking_the_gang_shopping,
          nicolae_vaults_closet_pinwheel_1, hangedman_vaults_impose,
          hangedman_vaults_cutoff, nicolae_vaults_more_shelving_1,
          vaults_room_fours, layout_vaults_omnicross, serial_shops, shop
Vaults:3: v_misc_11, v_misc_24, v_misc_18, nicolae_vaults_shrinking_rooms_1,
          nicolae_vaults_little_squares_2, nicolae_vaults_door_testing_chamber,
          minmay_crypt_entry_skeletal_spiral, nicolae_vaults_octothorpe,
          gammafunk_the_bubble [the_bubble_gammafunk_crates], v_misc_5,
          layout_vaults_chaotic_city
Vaults:4: dpeg_vaults_pockets_of_resistance, nicolae_vaults_stairing_the_circle,
          nicolae_vaults_shrinking_rooms_2, nicolae_vaults_closet_pinwheel_5,
          v_alt_pattern_1, v_rooms_3, vaults_standard_mumra_lines,
          nicolae_vaults_closet_pinwheel_1, nicolae_vaults_bisected_slash,
          nicolae_vaults_theta, ontoclasm_vaults_loading_screen,
          nicolae_vaults_rhombus_7, grunt_vaults_diagonal, v_misc_13,
          layout_vaults_omnibox
Vaults:5: serial_shops, uniq_mara, uniq_sojobo, uniq_margery, uniq_saint_roka

Skill      XL: |  1  2  3  4  5  6  7  8  9 10 11 12 13 14 15 16 17 18 19 20 21 22 |
---------------+-------------------------------------------------------------------+-----
Axes           | 2 3 4 5 6 8 9 10 11 13 14 16 | 16.1
Fighting       | 4 5 7 8 9 10 11 12 14 16 18 19 21 22 | 22.2
Dodging        | 1 2 4 5 6 7 8 |  8.0
Invocations    | 4 6 10 | 10.0
Throwing       | 1 2 3 4 8 9 10 11 12 13 | 13.0
Armour         | 4 5 6 7 9 10 11 14 16 17 19 20 21 22 | 22.0
Shields        | 4 5 6 7 8 9 10 11 12 13 | 13.0

Action                     |  1- 3 |  4- 6 |  7- 9 | 10-12 | 13-15 | 16-18 | 19-21 | 22-24 || total
---------------------------+-------+-------+-------+-------+-------+-------+-------+-------++-------
  Melee: War axe           |    65 |   150 |   127 |   340 |   724 |  1996 |  2140 |   356 ||  5898
         Morningstar       |       |       |       |     4 |    11 |       |       |       ||    15
  Throw: Boomerang         |    24 |    23 |    39 |    32 |    88 |     8 |    19 |       ||   233
         Javelin           |       |       |     3 |    62 |    27 |   131 |   196 |       ||   419
 Invoke: Heroism           |       |     1 |    15 |    22 |    15 |    37 |    22 |     4 ||   116
         Finesse           |       |       |       |     2 |     3 |     6 |    13 |     4 ||    28
    Use: Scroll            |     6 |     7 |     8 |     5 |     9 |    10 |     3 |     2 ||    50
         Potion            |       |     2 |       |     1 |     1 |     5 |     9 |     2 ||    20
   Stab: Petrified         |       |       |       |       |       |     3 |       |       ||     3
 Armour: Scale mail        |    33 |    64 |       |       |       |       |       |       ||    97
         Storm dragon scal |       |     6 |   125 |   306 |   490 |       |       |       ||   927
         Plate armour      |       |       |       |       |    45 |  1202 |  1204 |   252 ||  2703
  Dodge: Dodged            |    28 |    63 |    82 |   209 |   307 |   965 |   978 |   177 ||  2809
  Block: Buckler           |    14 |    28 |    46 |   159 |   210 |   503 |   495 |   108 ||  1563
         Reflection        |       |       |       |       |     1 |       |       |       ||     1

Table legend:
 A = Non-vault XP
 B = Vault XP
 C = Vault XP percentage of total XP
 D = Non-vault monster count
 E = Vault monster count
 F = Vault count percentage of total count
                 A         B        C        D         E       F
            +---------+---------+-------+---------+---------+-------
      Total |  343192 |  268127 |  43.9 |     987 |     445 |  31.1
            +---------+---------+-------+---------+---------+-------
        D:1 |      46 |       0 |   0.0 |      26 |       0 |   0.0
        D:2 |      78 |       0 |   0.0 |      19 |       0 |   0.0
        D:3 |     123 |      38 |  23.6 |      19 |       6 |  24.0
        D:4 |      92 |       0 |   0.0 |      14 |       0 |   0.0
        D:5 |     256 |    1518 |  85.6 |       6 |       9 |  60.0
        D:6 |     671 |     606 |  47.5 |      11 |       9 |  45.0
        D:7 |     448 |     391 |  46.6 |       7 |       7 |  50.0
        D:8 |    2049 |       0 |   0.0 |      29 |       0 |   0.0
        D:9 |    1525 |    1296 |  45.9 |      34 |      10 |  22.7
       D:10 |    3500 |     504 |  12.6 |      36 |      15 |  29.4
       D:11 |    3693 |       0 |   0.0 |      22 |       0 |   0.0
       D:12 |    8879 |    1563 |  15.0 |      28 |       1 |   3.4
       D:13 |    4026 |       0 |   0.0 |      13 |       0 |   0.0
       D:14 |   10207 |    4972 |  32.8 |      30 |       6 |  16.7
       D:15 |   17527 |    2234 |  11.3 |      42 |       4 |   8.7
     Lair:1 |    2004 |    2529 |  55.8 |      11 |       3 |  21.4
     Lair:2 |    2654 |    1835 |  40.9 |      11 |       3 |  21.4
     Lair:3 |    8439 |    1190 |  12.4 |      31 |       4 |  11.4
     Lair:4 |    9314 |       0 |   0.0 |      27 |       0 |   0.0
     Lair:5 |   13029 |   11501 |  46.9 |      40 |      40 |  50.0
   Shoals:1 |    6263 |    2997 |  32.4 |      16 |       4 |  20.0
   Shoals:2 |   17672 |    4821 |  21.4 |      35 |       5 |  12.5
   Shoals:3 |   18265 |       0 |   0.0 |      35 |       0 |   0.0
   Shoals:4 |    8029 |   21659 |  73.0 |      17 |      34 |  66.7
    Snake:1 |   10441 |     308 |   2.9 |      29 |       2 |   6.5
    Snake:2 |   14562 |       0 |   0.0 |      27 |       0 |   0.0
    Snake:3 |   19369 |       0 |   0.0 |      42 |       0 |   0.0
      Orc:1 |    5288 |       0 |   0.0 |      40 |       0 |   0.0
      Orc:2 |    3557 |   15824 |  81.6 |      30 |      38 |  55.9
   Vaults:1 |   12636 |   13154 |  51.0 |      24 |      23 |  48.9
   Vaults:2 |   24843 |   15213 |  38.0 |      39 |      20 |  33.9
   Vaults:3 |   51466 |   25002 |  32.7 |      69 |      44 |  38.9
   Vaults:4 |   19212 |   53065 |  73.4 |      37 |      65 |  63.7
   Vaults:5 |   11825 |   82484 |  87.5 |      12 |      85 |  87.6
    Abyss:2 |   31204 |       0 |   0.0 |      79 |       0 |   0.0
   Gauntlet |       0 |    3423 | 100.0 |       0 |       8 | 100.0
            +---------+---------+-------+---------+---------+-------
